 Dungeon Crawl Stone Soup version 0.25-a0-647-gd602d06 (webtiles) character file.

Game seed: 3904160082320933009, levelgen mode: deterministic

1364526 Faca the Swordmaster (level 27, -4/247 (249) HPs)
             Began as a Human Fighter on Mar 19, 2020.
             Was the Champion of the Shining One.
             Killed by a mummy priest's death curse (35 damage)
             ... on level 2 of the Tomb of the Ancients on Mar 21, 2020.
             The game lasted 05:54:54 (122198 turns).

Faca the Swordmaster (Human Fighter)              Turns: 122198, Time: 05:54:56

HP:   -4/247 (249)  AC: 44    Str: 33 (35) XL:     27
MP:   19/27         EV: 28    Int:  8      God:    the Shining One [******]
Gold: 5703          SH: 43    Dex: 23      Spells: 26/26 levels left

rFire    + + .     SeeInvis +   p - +9 eudemon blade (holy)
rCold    + + .     Gourm    .   F - +6 tower shield of the Salmon {MP-9 Dex+5}
rNeg     + + +     Faith    .   b - +11 gold dragon scales
rPois    +         Spirit   .   I - +0 hat {SInv}
rElec    +         Reflect  +   v - +2 cloak "Zuoresiq" {MR+}
rCorr    +         Harm     .   w - +0 pair of gloves {Str+3}
MR       +++..                  W - +2 pair of boots {run}
Stlth    ..........             h - amulet of Pisos {Reflect rN+ Slay+2 SH+4}
HPRegen  0.51/turn              U - ring "Puli" {rElec rCorr Dex+3}
MPRegen  0.20/turn              C - ring "Lojiafol" {+Fly rF+ rC+ Str+4}

@: marked, slowed, glowing, very slow
A: talons 1, icy blue scales 1, large bone plates 1, blink, deformed body, dopey
1, low mp 1, strong 1, no potion heal 1, MP-powered wands
}: 14/15 runes: serpentine, barnacled, slimy, silver, iron, obsidian, icy, bone,
abyssal, demonic, glowing, magical, fiery, dark
a: Blink, Divine Shield, Cleansing Flame, Summon Divine Warrior, Brand Weapon
With Holy Wrath, Renounce Religion, Evoke Flight


You were on level 2 of the Tomb of the Ancients.
You worshipped the Shining One.
The Shining One was exalted by your worship.
You were not hungry.

You visited 18 branches of the dungeon, and saw 89 of its levels.
You visited Pandemonium 1 time, and saw 23 of its levels.
You visited the Abyss 6 times.
You visited 1 bazaar.
You also visited: Trove, Sewer, Ice Cave and Volcano.

You collected 12436 gold pieces.
You spent 6733 gold pieces at shops.

Inventory:

Hand Weapons
 p - a +9 eudemon blade of holy wrath (weapon)
Missiles
 e - 81 silver javelins
 k - 10 throwing nets
 O - 43 javelins (quivered)
Armour
 b - +11 gold dragon scales (worn)
 v - the +2 cloak "Zuoresiq" (worn) {MR+}
   (You found it on level 6 of the Dungeon)

   It affects your resistance to hostile enchantments.
 w - a +0 pair of gloves of strength (worn)
 F - the +6 tower shield of the Salmon (worn) {MP-9 Dex+5}
   (You acquired it on level 5 of the Vaults)

   It affects your dexterity (+5).
   It affects your magic capacity (-9).
 I - a +0 hat of see invisible (worn)
 W - a +2 pair of boots of running (worn)
Jewellery
 h - the amulet of Pisos (around neck) {Reflect rN+ Slay+2 SH+4}
   (You found it on level 8 of the Dungeon)

   [amulet of reflection]

   It shields you and reflects attacks.
   It affects your accuracy and damage with ranged weapons and melee attacks
   (+2).
   It protects you from negative energy.
   It affects your SH (+4).
 C - the ring "Lojiafol" (right hand) {+Fly rF+ rC+ Str+4}
   (You bought it in a shop on level 3 of the Shoals)

   [ring of flight]

   It affects your strength (+4).
   It protects you from fire.
   It protects you from cold.
   It lets you fly.
 L - the ring "Qosec" {rC+ MR+ AC+5}
   (You found it on level 7 of Gehenna)

   [ring of protection]

   It affects your AC (+5).
   It protects you from cold.
   It affects your resistance to hostile enchantments.
 U - the ring "Puli" (left hand) {rElec rCorr Dex+3}
   (You took it off a deep elf mage on level 3 of the Elven Halls)

   [ring of resist corrosion]

   It affects your dexterity (+3).
   It insulates you from electricity.
   It provides partial protection from all sources of acid and corrosion.
Wands
 J - a wand of digging (12)
Scrolls
 c - 15 scrolls of identify
 g - 4 scrolls of magic mapping
 l - 10 scrolls of fog
 t - 4 scrolls of fear
 x - 36 scrolls of remove curse
 y - 2 scrolls of enchant weapon
 B - a scroll of summoning
 D - 20 scrolls of teleportation
 G - 9 scrolls of blinking
 K - 11 scrolls of immolation
 M - 3 scrolls of silence
 P - a scroll of amnesia
 R - a scroll of holy word
 T - a scroll of brand weapon
Potions
 d - 5 potions of berserk rage
 i - 10 potions of flight
 j - 5 potions of curing
 m - 3 potions of mutation
 n - 8 potions of haste
 o - 9 potions of lignification
 q - 5 potions of resistance
 H - 3 potions of might
 N - 5 potions of ambrosia
 S - 11 potions of cancellation
Comestibles
 f - 83 rations


   Skills:
 O Level 27 Fighting
 O Level 27 Long Blades
 + Level 26.4 Throwing
 O Level 27 Armour
 + Level 26.4 Dodging
 O Level 27 Shields
 O Level 27 Invocations


You had 26 spell levels left.
You didn't know any spells.
Your spell library contained the following spells:

 Spells                   Type           Power        Failure   Level  Hunger
 Animate Skeleton         Necr           N/A          89%         1    ##.....
 Apportation              Tloc           #.....       89%         1    ##.....
 Beastly Appendage        Tmut           #.....       89%         1    ##.....
 Corona                   Hex            #......      89%         1    ##.....
 Foxfire                  Conj/Fire      #...         89%         1    ##.....
 Infusion                 Chrm           #...         89%         1    ##.....
 Magic Dart               Conj           #...         89%         1    ##.....
 Pain                     Necr           #...         89%         1    ##.....
 Sandblast                Erth           #.....       89%         1    ##.....
 Shock                    Conj/Air       #...         89%         1    ##.....
 Sting                    Tmut/Pois      #...         89%         1    ##.....
 Summon Butterflies       Summ           #.......     89%         1    ##.....
 Summon Small Mammal      Summ           #...         89%         1    ##.....
 Blink                    Tloc           N/A          96%         2    ###....
 Call Imp                 Summ           #.......     96%         2    ###....
 Corpse Rot               Necr/Air       N/A          96%         2    ###....
 Ensorcelled Hibernation  Hex/Ice        #.....       96%         2    ###....
 Passwall                 Tmut/Erth      #.......     96%         2    ###....
 Poisonous Vapours        Pois/Air       #.....       96%         2    ###....
 Searing Ray              Conj           #.....       96%         2    ###....
 Shroud of Golubria       Chrm/Tloc      #.....       96%         2    ###....
 Slow                     Hex            #.......     96%         2    ###....
 Song of Slaying          Chrm           #.......     96%         2    ###....
 Sticks to Snakes         Tmut           #.......     96%         2    ###....
 Swiftness                Chrm/Air       #.......     96%         2    ###....
 Call Canine Familiar     Summ           #.......     99%         3    ####...
 Confusing Touch          Hex            #.......     99%         3    ####...
 Conjure Flame            Conj/Fire      #.......     99%         3    ####...
 Dazzling Flash           Conj/Hex       #.....       99%         3    ####...
 Gell's Gravitas          Tloc           #.........   99%         3    ####...
 Ignite Poison            Fire/Tmut/Pois #.......     99%         3    ####...
 Inner Flame              Hex/Fire       #.......     99%         3    ####...
 Lesser Beckoning         Tloc           #.........   99%         3    ####...
 Mephitic Cloud           Conj/Pois/Air  #.......     99%         3    ####...
 Ozocubu's Armour         Chrm/Ice       #.......     99%         3    ####...
 Portal Projectile        Hex/Tloc       #.....       99%         3    ####...
 Spectral Weapon          Hex/Chrm       #.......     99%         3    ####...
 Spider Form              Tmut/Pois      #.........   99%         3    ####...
 Static Discharge         Conj/Air       #.......     99%         3    ####...
 Stone Arrow              Conj/Erth      #.....       99%         3    ####...
 Summon Guardian Golem    Hex/Summ       #.......     99%         3    ####...
 Teleport Other           Tloc           #.......     99%         3    ####...
 Tukima's Dance           Hex            #.......     99%         3    ####...
 Vampiric Draining        Necr           #.........   99%         3    ####...
 Airstrike                Air            #.........   100%        4    #####..
 Animate Dead             Necr           N/A          100%        4    #####..
 Cause Fear               Hex            #.........   100%        4    #####..
 Fulminant Prism          Conj/Hex       #.........   100%        4    #####..
 Hailstorm                Conj/Ice       #.......     100%        4    #####..
 Ice Form                 Ice/Tmut       #.......     100%        4    #####..
 Iskenderun's Mystic Bla  Conj/Tloc      #.......     100%        4    #####..
 Leda's Liquefaction      Hex/Erth       #.........   100%        4    #####..
 Olgreb's Toxic Radiance  Pois           #.......     100%        4    #####..
 Passage of Golubria      Tloc           N/A          100%        4    #####..
 Petrify                  Tmut/Erth      #.......     100%        4    #####..
 Sticky Flame             Conj/Fire      #.......     100%        4    #####..
 Summon Ice Beast         Ice/Summ       #.......     100%        4    #####..
 Summon Lightning Spire   Summ/Air       #.......     100%        4    #####..
 Agony                    Necr           #.......     100%        5    ######.
 Alistair's Intoxication  Tmut/Pois      #.......     100%        5    ######.
 Aura of Abjuration       Summ           #.........   100%        5    ######.
 Blade Hands              Tmut           #.........   100%        5    ######.
 Bolt of Magma            Conj/Fire/Erth #.........   100%        5    ######.
 Borgnjor's Vile Clutch   Necr/Erth      #.........   100%        5    ######.
 Excruciating Wounds      Chrm/Necr      #.........   100%        5    ######.
 Fireball                 Conj/Fire      #.........   100%        5    ######.
 Irradiate                Conj/Tmut      #.........   100%        5    ######.
 Iskenderun's Battlesphe  Conj/Chrm      #.......     100%        5    ######.
 Lee's Rapid Deconstruct  Erth           #.........   100%        5    ######.
 Lightning Bolt           Conj/Air       #.........   100%        5    ######.
 Metabolic Englaciation   Hex/Ice        #.........   100%        5    ######.
 Silence                  Hex/Air        #.........   100%        5    ######.
 Summon Forest            Summ/Tloc      #.........   100%        5    ######.
 Summon Mana Viper        Hex/Summ       #.......     100%        5    ######.
 Yara's Violent Unravell  Hex/Tmut       #.........   100%        5    ######.
 Darkness                 Hex            #.........   100%        6    #######
 Deflect Missiles         Chrm/Air       #.........   100%        6    #######
 Dispersal                Tloc           #.........   100%        6    #######
 Eringya's Noxious Bog    Tmut/Pois      #.........   100%        6    #######
 Freezing Cloud           Conj/Ice/Air   #.........   100%        6    #######
 Hydra Form               Tmut           #.........   100%        6    #######
 Invisibility             Hex            #.......     100%        6    #######
 Iron Shot                Conj/Erth      #.........   100%        6    #######
 Ozocubu's Refrigeration  Ice            #.........   100%        6    #######
 Shadow Creatures         Summ           N/A          100%        6    #######
 Simulacrum               Ice/Necr       #.........   100%        6    #######
 Starburst                Conj/Fire      #.........   100%        6    #######
 Statue Form              Tmut/Erth      #........    100%        6    #######
 Dragon Form              Tmut           #.........   100%        7    #######
 Haunt                    Necr/Summ      #.........   100%        7    #######
 Malign Gateway           Summ/Tloc      #.........   100%        7    #######
 Monstrous Menagerie      Summ           #.........   100%        7    #######
 Ring of Flames           Chrm/Fire      #.........   100%        7    #######
 Spellforged Servitor     Conj/Summ      #.........   100%        7    #######
 Summon Greater Demon     Summ           #.........   100%        7    #######
 Summon Hydra             Summ           #.........   100%        7    #######
 Borgnjor's Revivificati  Necr           #.........   100%        8    #######
 Controlled Blink         Tloc           N/A          100%        8    #######
 Death's Door             Chrm/Necr      #.........   100%        8    #######
 Discord                  Hex            #.........   100%        8    #######
 Disjunction              Tloc           #.........   100%        8    #######
 Ignition                 Fire           #.........   100%        8    #######
 Infestation              Necr           #.........   100%        8    #######
 Necromutation            Tmut/Necr      #.........   100%        8    #######
 Summon Horrible Things   Summ           #.........   100%        8    #######
 Dragon's Call            Summ           #.........   100%        9    #######
 Shatter                  Erth           #.........   100%        9    #######


Dungeon Overview and Level Annotations

Branches:
Dungeon (15/15)            Temple (1/1) D:7            Lair (6/6) D:10
 Shoals (4/4) Lair:4        Snake (4/4) Lair:3        Slime (5/5) Lair:5
    Orc (2/2) D:12            Elf (3/3) Orc:2        Vaults (5/5) D:14
  Crypt (3/3) Vaults:2       Tomb (2/3) Crypt:3      Depths (5/5) D:15
   Hell (visited)             Dis (7/7) Hell            Geh (7/7) Hell
    Coc (7/7) Hell            Tar (7/7) Hell            Zot (5/5) Depths:5
  Sewer (visited)           IceCv (visited)         Volcano (visited)

Altars:
Ashenzari
Cheibriados
Dithmenos
Elyvilon
Fedhas
Gozag
Hepliaklqana
Kikubaaqudgha
Makhleb
Nemelex Xobeh
Okawaru
Qazlal
Ru
Sif Muna
Trog
Uskayaw
Vehumet
Wu Jian
Xom
Yredelemnul
Zin
The Shining One
Beogh
Jiyva

Shops:
D:5 *   D:13 =   Orc:2 ?![}   Elf:2 (=(?   Elf:3 (   Shoals:3 =   Vaults:2 [
Depths:1 *   Depths:5 [

Portals:
Hell: Lair:6 Depths:1 Depths:2 Depths:3 Depths:4 Depths:5
Abyss: Depths:2 Depths:3 Depths:4
Pandemonium: Depths:2 Depths:3
Ziggurat: Depths:4


Innate Abilities, Weirdness & Mutations

You have sharp toenails.
You are partially covered in icy blue scales. (AC +2)
You are partially covered in large bone plates. (SH +4)
You can translocate small distances at will.
Armour fits poorly on your strangely shaped body.
You are dopey. (Int -2)
Your magical capacity is low. (-10% MP)
Your muscles are strong. (Str +2)
Potions are less effective at restoring your health.
You expend magic power (3 MP) to strengthen your wands.


Message History

The golden flame engulfs the spectral dire elephant!!!!
The spectral dire elephant writhes in agony!
The spectral dire elephant is almost destroyed.
The golden flame engulfs the shadow wraith!!!
The shadow wraith writhes in agony!
You destroy the shadow wraith!
The golden flame engulfs the hellwing!!!
The hellwing writhes in agony!
You kill the hellwing!
The golden flame engulfs the mummy priest!!!
The mummy priest writhes in agony!
You destroy the mummy priest!
The Shining One accepts your kill.
You feel your power returning.
The six-headed hydra simulacrum disappears in a puff of smoke!
The spectral dire elephant disappears in a puff of smoke!
You feel somewhat more hungry.
You feel extremely nervous for a moment...
You convulse helplessly as pain tears through your body!
You die...

*,^..,#.............
###'###.............
#.^...#.............
#.....#...(.........
#.....#.............
#.§...#...#.........
#.†)).#...#......###
#..(†.#...#.....#...
#..@§.#...#....#....
#.^...#...[#..#.....
###'###....#..#.....
#..M..#....#.#......
#....^#.....##.†....
#..M..#.....#..†....
#.....#.....##......
#..M.<#....#.#......
#..§§^#...^#..#...).


You could see a mummy priest and 2 guardian mummies.

Vanquished Creatures
  Antaeus (Coc:7)
  the Royal Jelly (Slime:5)
  Asmodeus (Geh:7)
  Gloorx Vloq (Pan)
  Ereshkigal (Tar:7)
  the Serpent of Hell (Geh:7)
  A seraph (Pan)
  Lom Lobon (Pan)
  Mnoleg (Pan)
  Dispater (Dis:7)
  6 pandemonium lords (Pan)
  4 orbs of fire (Zot:5)
  The ghost of Gyfuhin the Axe Maniac, a legendary HOBe of Trog (Zot:2)
  10 ancient liches
  Mara (Crypt:2)
  Mennas (Crypt:2)
  2 juggernauts
  Boris (4 times) (Vaults:4 Crypt:1 Crypt:3 Tomb:2)
  Sojobo (Depths:2)
  22 greater mummies
  The ghost of Qeefam the Hoplite, a veteran DDNe of Makhleb (Depths:5)
  Vashnia (Snake:4)
  15 shard shrikes
  Saint Roka (Vaults:2)
  9 Killer Klowns (Zot:5)
  Margery (Vaults:2)
  Xtahua (Crypt:1)
  The ghost of Sares the Tortoise, a veteran FoFi of Okawaru (Depths:5)
  Frederick (Crypt:3)
  2 curse toes
  Geryon (Hell)
  Nikola (Snake:3)
  3 profane servitors
  14 golden dragons
  7 bone dragons
  18 Tzitzimimeh
  A pearl dragon (Pan)
  16 Brimstone Fiends
  3 doom hounds (Tar:7)
  4 electric golems
  7 iron giants
  Rupert (D:15)
  4 hellephants
  12 Hell Sentinels
  The ghost of Faebawk the Warrior, an adept DsFi of Xom (Depths:1)
  16 liches
  26 tentacled monstrosities
  23 Ice Fiends
  Asterion (Depths:1)
  9 quicksilver dragons
  The ghost of Rod Fuaf the Executioner, an adept MiGl of Okawaru (Depths:5)
  The ghost of Urchum Siadgh the Peltast, an adept FoFi of Okawaru (Shoals:3)
  15 titans
  25 Orb Guardians (Zot:5)
  10 deep elf master archers
  9 deep elf blademasters
  22 acid blobs
  16 Executioners
  A kraken (Shoals:3)
  26 ancient champions
  12 death cobs
  14 sphinxes
  3 eldritch tentacles
  32 tentacled starspawn
  Agnes (Depths:2)
  10 tengu reavers
  11 storm dragons
  4 revenants
  7 shadow dragons
  Roxanne (Snake:1)
  10 nagarajas
  An azure jelly (shapeshifter) (Depths:3)
  6 draconian monks
  Kirke (Snake:4)
  Donald (Snake:3)
  13 azure jellies
  3 iron dragons
  4 deep elf sorcerers
  14 daevas
  30 fire giants
  17 vault wardens
  9 draconian scorchers
  19 frost giants
  5 ghost moths
  2 iron dragons (shapeshifter) (Depths:4)
  The ghost of Oshrurad the Brawler, a journeyman TrHu of Qazlal (Lair:5)
  35 balrugs
  9 black suns (Pan)
  9 draconian knights
  4 curse skulls
  29 cacodemons
  The ghost of Lunkiymp the Severer, a journeyman MiBe of Trog (Lair:5)
  A spriggan defender (Depths:5)
  12 angels
  Louise (Depths:2)
  Aizul (Snake:1)
  5 ghouls
  5 draconian shifters
  6 warmongers (Pan)
  5 draconian stormcallers
  58 reapers
  32 very ugly things
  9 draconian annihilators
  6 deep elf elementalists
  14 ironheart preservers
  An elemental wellspring (Coc:7)
  15 war gargoyles
  6 blood saints (Pan)
  32 stone giants
  An entropy weaver (shapeshifter) (Vaults:4)
  10 vampire knights
  9 deep elf demonologists
  10 ophanim (Pan)
  12 apis (Pan)
  4 corrupters (Pan)
  12 green draconians
  10 white draconians
  The ghost of Bis Ygrae the Grappler, a journeyman OgTm of Ru (Lair:5)
  The ghost of Bis Ygrae the Grappler, a journeyman OgTm of Ru (Lair:5)
  9 deep elf annihilators
  10 purple draconians
  13 lorocyprocas
  4 bennus (Tomb:2)
  12 red draconians
  8 black draconians
  A dire elephant (Lair:5)
  The ghost of flotson the Covert, a journeyman VSAs of Dithmenos (Lair:6)
  5 spark wasps
  16 deep elf death magi
  12 yellow draconians
  Snorg (Lair:2)
  3 eidola
  6 merfolk javelineers
  12 green deaths
  4 quicksilver dragon zombies
  37 blizzard demons
  12 yaktaur captains
  10 death oozes
  15 great orbs of eyes
  2 crystal guardians
  18 ettins
  14 fire dragons
  Josephine (D:11)
  78 slime creatures
  Fannar (Lair:3)
  10 merfolk impalers
  16 mummy priests
  6 kraken zombies
  3 deep elf high priests
  10 jiangshi
  5 quicksilver dragon skeletons
  10 rakshasas
  An ice dragon (shapeshifter) (Depths:4)
  7 spriggan air magi
  32 vault guards
  4 hell beasts
  34 ice dragons
  8 monstrous demonspawn
  13 naga warriors
  Harold (D:7)
  A ghost crab (Tar:5)
  A catoblepas (shapeshifter) (Depths:4)
  4 juggernaut simulacra (Depths:4)
  17 centaur warriors
  2 alligator snapping turtles (Shoals:4)
  A two-headed ogre (shapeshifter) (Abyss:1)
  6 hydras
  6 death knights
  10 anacondas
  64 two-headed ogres
  9 merfolk avatars
  2 merfolk aquamancers (Shoals:4)
  21 ogre magi
  66 large abominations
  4 satyrs
  53 death scarabs
  15 hell hogs
  5 tengu warriors
  7 deep troll shamans
  6 deep troll earth magi
  28 thrashing horrors
  37 dancing weapons
  A shock serpent (shapeshifter) (Depths:4)
  22 deep elf knights
  3 spriggan berserkers
  5 titan zombies
  8 vampire magi
  63 hell knights
  7 shock serpents
  18 wretched stars
  34 soul eaters
  19 naga sharpshooters
  70 sun demons
  6 storm dragon zombies
  8 iron trolls
  5 iron golems
  6 shadow wraiths
  5 storm dragon skeletons
  7 titan skeletons
  24 sixfirhies
  13 cherubim (Pan)
  136 skeletal warriors
  14 gelid demonspawn (Pan)
  4 infernal demonspawn (Pan)
  19 deep trolls
  A sea snake (shapeshifter) (Depths:3)
  7 spatial maelstroms
  10 wizards
  7 golden dragon zombies
  4 unseen horrors
  2 salamander mystics
  12 anaconda zombies
  11 flayed ghosts
  14 sea snakes
  25 shadow demons
  An unseen horror (shapeshifter) (Vaults:4)
  9 naga ritualists
  9 golden dragon skeletons
  13 glowing orange brains
  A deep troll (shapeshifter) (Vaults:4)
  18 ironbrand convokers
  23 phantasmal warriors
  15 deep elf archers
  An obsidian statue (Depths:1)
  3 shadow dragon zombies
  7 torturous demonspawn
  2 anaconda skeletons
  12 harpies
  11 orc knights
  4 wolf spiders
  28 necromancers
  59 ugly things
  A harpy (shapeshifter) (D:13)
  A lindwurm (Volcano)
  6 wolf spider zombies
  A lindwurm (shapeshifter) (Vaults:2)
  5 frost giant zombies
  5 mana vipers
  7 orc sorcerers
  A mana viper (shapeshifter) (Depths:4)
  9 salamanders
  64 deep elf magi
  3 draconians (Abyss:3)
  9 cyclopes
  12 manticores
  6 fire giant zombies
  10 shadow dragon skeletons
  19 fauns
  2 iron dragon skeletons
  2 iron dragon zombies
  8 shining eyes
  7 stone giant zombies
  A salamander (shapeshifter) (Vaults:4)
  2 cyclopes (shapeshifter)
  4 worldbinders
  6 dire elephant zombies
  A toenail golem (Abyss:1)
  9 frost giant skeletons
  8 merfolk sirens
  48 smoke demons
  31 moths of wrath
  A black mamba (shapeshifter) (Elf:2)
  35 rust devils
  5 elephants (Lair:5)
  6 ice statues
  6 molten gargoyles
  38 black mambas
  18 naga magi
  6 fire giant skeletons
  An eye of devastation (Slime:2)
  4 water nymphs
  6 stone giant skeletons
  4 apocalypse crabs
  10 guardian serpents
  A spiny frog (shapeshifter) (Vaults:5)
  16 vault sentinels
  An emperor scorpion zombie (Dis:3)
  20 orange demons
  15 spiny frogs
  A death yak zombie (Crypt:2)
  6 spectral swamp worms (Tar:7)
  24 hellions
  2 dire elephant skeletons
  2 shock serpent skeletons (Coc:7)
  A yaktaur zombie (D:15)
  2 kobold demonologists (D:15)
  36 yaktaurs
  16 efreet
  11 demonic crawlers
  32 freezing wraiths
  16 hellwings
  47 ice devils
  37 tormentors
  3 rime drakes (Lair:6)
  6 komodo dragons
  A yaktaur (shapeshifter) (Vaults:1)
  5 anaconda simulacra
  17 ancient zymes
  A black draconian skeleton (Tar:3)
  2 trolls (shapeshifter) (Vaults:1)
  34 red devils
  22 guardian mummies
  A meliai (shapeshifter) (Vaults:2)
  3 tengu conjurers
  2 silent spectres
  A pale draconian skeleton (Crypt:2)
  2 yellow draconian skeletons
  8 trolls
  2 harpy zombies
  8 hydra skeletons
  5 wind drakes
  A moth of wrath zombie (Crypt:1)
  A queen ant zombie (Crypt:1)
  A sphinx simulacrum (Vaults:3)
  2 merfolk (shapeshifter)
  8 bog bodies
  27 merfolk
  2 hornets (shapeshifter)
  2 wolf spider simulacra
  4 hornets
  38 raiju
  9 snapping turtles
  5 fire dragon zombies
  7 alligator zombies
  4 human simulacra
  3 tyrant leeches (Abyss:3)
  4 ettin zombies
  3 harpy skeletons
  20 blink frogs
  16 hydra zombies
  A raiju (shapeshifter) (Vaults:5)
  7 ice dragon zombies
  2 fire giant simulacra
  16 hippogriffs
  A slime creature (shapeshifter) (Vaults:1)
  A deep troll zombie (D:15)
  3 dream sheep (Shoals:3)
  An iron dragon simulacrum (Coc:7)
  A stone giant simulacrum (Vaults:2)
  A hippogriff (shapeshifter) (Abyss:3)
  7 air elementals
  2 centaur simulacra
  3 spriggans (Depths:5)
  34 ynoxinuls
  77 flying skulls
  69 starcursed masses
  An alligator skeleton (Geh:3)
  A fire dragon skeleton (Tomb:1)
  11 water elementals
  5 vampires
  A dire elephant simulacrum (IceCv)
  3 black mamba zombies
  4 ice dragon skeletons
  23 shadows
  2 deep troll skeletons
  3 ettin skeletons
  A redback (shapeshifter) (Vaults:5)
  15 fire bats
  34 wraiths
  18 fire elementals
  30 yaks
  A black mamba skeleton (Geh:6)
  3 tarantellas (shapeshifter)
  4 wyverns
  3 hogs
  9 hungry ghosts
  9 ushabtiu
  4 basilisks
  11 humans (D:14)
  20 neqoxecs
  3 steam dragons
  22 chaos spawn
  A human (shapeshifter) (Abyss:3)
  A fire bat (shapeshifter) (Vaults:4)
  2 golden eyes (shapeshifter)
  11 golden eyes
  3 iron troll simulacra (IceCv)
  6 wargs
  A warg (shapeshifter) (D:14)
  A naga (shapeshifter) (Depths:3)
  12 spatial vortices
  5 acid dragons
  10 spiny frog zombies
  A faun zombie (Crypt:1)
  2 harpy simulacra
  70 nagas
  14 water moccasins
  3 insubstantial wisps (Abyss:2)
  A soldier ant (shapeshifter) (Elf:3)
  2 merfolk zombies
  An orb spider zombie (Crypt:3)
  A faun skeleton (Crypt:1)
  2 hydra simulacra (IceCv)
  43 hell hounds
  Duvessa (D:7)
  An elephant zombie (Crypt:3)
  5 porcupines
  3 spiny frog skeletons
  2 alligator simulacra
  39 orc warriors
  11 ice beasts
  2 manticore zombies
  2 swamp dragon zombies
  8 black bears
  8 eyes of draining
  9 phantoms
  4 sky beasts
  7 wolves
  A blink frog zombie (Crypt:1)
  A black mamba simulacrum (Coc:7)
  12 necrophages
  5 snapping turtle zombies
  73 ogres
  A human skeleton (Vaults:2)
  10 crocodiles
  15 boggarts
  2 manticore skeletons
  33 centaurs
  3 swamp dragon skeletons
  2 snapping turtle skeletons
  4 big kobolds
  An elf zombie (Crypt:2)
  A rime drake skeleton (Crypt:3)
  7 earth elementals
  9 bullfrogs
  A gnoll sergeant (D:9)
  3 elf skeletons
  A wyvern zombie (D:7)
  Dowan (D:7)
  A wyvern skeleton (D:12)
  39 small abominations
  5 scorpions
  2 troll zombies (D:12)
  A polar bear zombie (Crypt:3)
  15 killer bees
  A troll skeleton (Coc:7)
  A yak zombie (Crypt:3)
  77 wights
  7 howler monkeys
  3 electric eels (Lair:1)
  A spriggan skeleton (Geh:5)
  10 lava snakes
  14 crimson imps
  4 bullfrog skeletons
  4 hounds
  10 quasits
  3 bullfrog zombies
  A human zombie (Dis:7)
  12 jellies
  17 orc priests
  Crazy Yiuf (D:4)
  A demonspawn skeleton (Crypt:2)
  A gnoll shaman (D:3)
  22 iron imps
  6 centaur skeletons
  2 iguanas
  Jessica (D:2)
  An iguana (shapeshifter) (Depths:3)
  29 orc wizards
  6 worker ants
  2 lightning spires
  2 tengu zombies
  4 ogre zombies (D:12)
  An acid dragon skeleton (Crypt:1)
  A hound zombie (D:7)
  2 hound skeletons
  44 mummies
  2 worker ant zombies
  13 gnolls
  15 adders
  4 river rats
  15 shadow imps
  16 white imps
  4 ufetubi
  4 oozes
  An adder zombie (D:8)
  2 worms
  7 ball lightnings (Pan)
  A dart slug (D:1)
  11 leopard geckos
  109 orcs
  6 bats
  6 giant cockroaches
  9 goblins
  8 hobgoblins
  12 jackals
  16 kobolds
  3 quokkas
  A ball python (D:2)
  A ball python skeleton (Crypt:1)
  4 frilled lizards
  A goblin skeleton (D:12)
  2 goblin zombies (D:12)
  2 hobgoblin skeletons (D:12)
  3 hobgoblin zombies (D:12)
  A jackal skeleton (Crypt:3)
  3 orc skeletons
  12 orc zombies
  A quokka zombie (D:6)
  14 rats
  A bush (Abyss:1)
  3 fire vortices (Pan)
  A fungus (Lair:6)
  A lurking horror (Abyss:3)
  3 plants
  14 starspawn tentacles
  19 tentacles
5269 creatures vanquished.

Vanquished Creatures (others)
  Cerebov (Pan)
  A deep elf master archer (Depths:4)
  A death cob (Zot:5)
  A fire giant (Geh:7)
  An elemental wellspring (Coc:7)
  2 deep elf annihilators (Pan)
  A blizzard demon (Coc:7)
  A yaktaur captain (Vaults:5)
  4 rakshasas
  A vault guard (Vaults:5)
  2 centaur warriors
  A satyr (Shoals:4)
  A hell hog (Geh:3)
  4 naga sharpshooters
  A deep elf knight (Elf:2)
  A wretched star (Abyss:3)
  A sixfirhy (Pan)
  A wizard (Pan)
  A deep elf archer (Vaults:4)
  2 fauns
  A deep elf mage (Elf:1)
  A manticore (Shoals:3)
  2 smoke demons (Pan)
  A hellion (Geh:6)
  10 yaktaurs
  A tormentor (Coc:7)
  A ghost moth simulacrum (Abyss:3)
  3 raiju (Abyss:3)
  A snapping turtle (Shoals:4)
  A ynoxinul (Pan)
  2 flying skulls
  A water elemental (Elf:2)
  A human (Snake:4)
  A fire bat (Abyss:3)
  A shadow (Geh:6)
  A neqoxec (Pan)
  A hell hound (Dis:7)
  A boggart (Depths:2)
  3 ogres (Depths:1)
  14 centaurs
  2 crimson imps (Abyss:3)
  An iron imp (Dis:5)
  3 ball lightnings
  An orc (Vaults:4)
  2 fungi
  4 lurking horrors (Abyss:3)
  10 plants
  73 starspawn tentacles
  31 tentacles
204 creatures vanquished.

Grand Total: 5473 creatures vanquished

Notes
Turn   | Place    | Note
-------+----------+-------------------------------------------
     0 | D:1      | Faca the Human Fighter began the quest for the Orb.
     0 | D:1      | Reached XP level 1. HP: 18/18 MP: 1/1
    36 | D:1      | Reached XP level 2. HP: 15/24 MP: 2/2
   349 | D:1      | Reached XP level 3. HP: 29/29 MP: 3/3
   733 | D:2      | Noticed Jessica
   746 | D:2      | Killed Jessica
   746 | D:2      | Reached XP level 4. HP: 26/37 MP: 4/4
  1299 | D:2      | Reached XP level 5. HP: 36/42 MP: 5/5
  2166 | D:3      | Reached XP level 6. HP: 31/50 MP: 6/6
  2289 | D:3      | Found a glowing drain.
  2293 | Sewer    | Entered a sewer
  2306 | Sewer    | Reached skill level 5 in Fighting
  2508 | Sewer    | Found a white marble altar of Elyvilon.
  3192 | D:3      | Found a faded altar of an unknown god.
  3393 | D:3      | Found a glowing golden altar of the Shining One.
  3458 | D:3      | Reached skill level 5 in Long Blades
  3477 | D:3      | Reached XP level 7. HP: 28/56 MP: 7/7
  3661 | D:4      | Found a basalt altar of Yredelemnul.
  3667 | D:4      | Found a shimmering blue altar of Sif Muna.
  3667 | D:4      | Found a shadowy altar of Dithmenos.
  4085 | D:4      | Found a blossoming altar of Fedhas.
  4307 | D:4      | Found a runed translucent door.
  4308 | D:4      | Noticed Crazy Yiuf
  4314 | D:4      | Killed Crazy Yiuf
  4364 | D:5      | Entered Level 5 of the Dungeon
  4443 | D:5      | Reached XP level 8. HP: 18/65 MP: 8/8
  4984 | D:5      | Found a shadowy altar of Dithmenos.
  5658 | D:5      | Found a stormy altar of Qazlal.
  5666 | D:5      | Found Limyeh's General Store.
  5793 | D:5      | Bought a potion of curing for 36 gold pieces
  6182 | D:6      | Reached XP level 9. HP: 29/74 MP: 9/9
  6553 | D:6      | Got a slimy cloak
  6564 | D:6      | Identified the +2 cloak "Zuoresiq" {MR+} (You found it on
                  | level 6 of the Dungeon)
  6849 | D:6      | Found a bloodstained altar of Trog.
  7294 | D:7      | Found a shattered altar of Ashenzari.
  7299 | D:7      | Found a radiant altar of Vehumet.
  7321 | D:7      | Found a staircase to the Ecumenical Temple.
  7339 | Temple   | Entered the Ecumenical Temple
  7354 | Temple   | Became a worshipper of Warmaster Okawaru
  7644 | D:7      | Found a hazy altar of Hepliaklqana.
  7645 | D:7      | Noticed Duvessa
  7645 | D:7      | Noticed Dowan
  7657 | D:7      | Killed Duvessa
  7660 | D:7      | Killed Dowan
  7892 | D:7      | Found an opulent altar of Gozag.
  7923 | D:7      | Noticed Harold
  8325 | D:7      | Found a shimmering altar of Xom.
  8326 | D:7      | Found a burning altar of Makhleb.
  8378 | D:7      | Found a sparkling altar of Nemelex Xobeh.
  9008 | D:8      | Reached XP level 10. HP: 82/84 MP: 10/10
  9072 | D:8      | Reached * piety under Okawaru
  9118 | D:8      | Reached skill level 10 in Fighting
  9173 | D:8      | Noticed a centaur warrior
  9188 | D:8      | Killed a centaur warrior
  9188 | D:8      | Reached skill level 10 in Long Blades
  9377 | D:8      | Reached ** piety under Okawaru
  9475 | D:8      | Noticed a cyclops
  9500 | D:8      | Killed a cyclops
  9717 | D:8      | Reached *** piety under Okawaru
  9719 | D:8      | Got a twitching zirconium amulet
  9719 | D:8      | Noticed a two-headed ogre
  9726 | D:8      | Killed a two-headed ogre
  9726 | D:8      | Reached skill level 5 in Armour
  9726 | D:8      | Reached skill level 5 in Shields
  9726 | D:8      | Reached XP level 11. HP: 16/92 MP: 11/11
  9783 | D:8      | Identified the amulet "Xaudue" {Acrobat Str+5 Dex-4 SInv
                  | Stlth+}
 10037 | D:8      | Got a smoking crystal amulet
 10048 | D:8      | Got a steaming lead ring
 10061 | D:8      | Identified the ring "Lamug" {Str+3 SInv Stlth+} (You found
                  | it on level 8 of the Dungeon)
 10804 | D:8      | Found a roughly hewn altar of Beogh.
 11561 | D:9      | Reached **** piety under Okawaru
 12006 | D:9      | Found a white marble altar of Elyvilon.
 12437 | D:9      | Found an opulent altar of Gozag.
 13025 | D:10     | Entered Level 10 of the Dungeon
 14418 | D:10     | Noticed a two-headed ogre
 14429 | D:10     | Killed a two-headed ogre
 14640 | D:10     | Found a staircase to the Lair.
 14710 | D:10     | Identified the amulet of Pisos {Reflect rN+ Slay+2 SH+4}
                  | (You found it on level 8 of the Dungeon)
 14824 | D:10     | Identified a scroll of acquirement
 14983 | D:11     | Reached XP level 12. HP: 98/100 MP: 12/12
 15032 | D:11     | Got a steaming scale mail
 15043 | D:11     | Identified the +2 scale mail of the Hot Ocelot {rPois rF+
                  | rC+ Str+2} (You found it on level 11 of the Dungeon)
 15222 | D:11     | Noticed Josephine
 15237 | D:11     | Killed Josephine
 15237 | D:11     | Reached ***** piety under Okawaru
 15441 | D:11     | Identified the amulet "Ediravic" {Regen+ Int+3} (You found
                  | it on level 8 of the Dungeon)
 16040 | D:12     | Found a staircase to the Orcish Mines.
 16080 | D:12     | Received a gift from Okawaru
 16174 | D:12     | Noticed a six-headed hydra
 16183 | D:12     | Killed a one-headed hydra
 16354 | D:12     | Noticed a centaur warrior
 16365 | D:12     | Killed a centaur warrior
 16653 | D:12     | Found a shimmering altar of Xom.
 17045 | Lair:1   | Entered Level 1 of the Lair of Beasts
 17146 | Lair:1   | Received a gift from Okawaru
 17477 | Lair:1   | Reached XP level 13. HP: 104/109 MP: 13/13
 17696 | Lair:1   | Reached skill level 1 in Invocations
 19298 | Lair:3   | Noticed Fannar
 19300 | Lair:3   | Noticed Snorg
 19309 | Lair:3   | Killed Fannar
 19675 | Lair:2   | Killed Snorg
 19810 | Lair:3   | Found a staircase to the Snake Pit.
 20913 | Lair:4   | Noticed a six-headed hydra
 20918 | Lair:4   | Killed a two-headed hydra
 20918 | Lair:4   | Reached ****** piety under Okawaru
 21219 | Lair:4   | Found a staircase to the Shoals.
 21601 | Lair:5   | Received a gift from Okawaru
 21604 | Lair:5   | Got an encrusted kite shield {god gift}
 21620 | Lair:5   | Identified the +0 kite shield of Beyond {Dex+3} (Okawaru
                  | gifted it to you on level 5 of the Lair of Beasts)
 21661 | Lair:5   | Found a staircase to the Slime Pits.
 21665 | Lair:5   | Reached XP level 14. HP: 118/118 MP: 17/17
 21669 | Lair:5   | Found a viscous altar of Jiyva.
 21808 | Lair:5   | Reached skill level 5 in Invocations
 22164 | Lair:5   | Found a runed translucent gate.
 22164 | Lair:5   | Found a runed translucent gate.
 22164 | Lair:5   | Found a runed translucent gate.
 22165 | Lair:5   | Noticed Lunkiymp's ghost (journeyman MiBe)
 22165 | Lair:5   | Noticed Bis Ygrae's ghost (journeyman OgTm)
 22166 | Lair:5   | Noticed Bis Ygrae's ghost (journeyman OgTm)
 22166 | Lair:5   | Noticed Oshrurad's ghost (journeyman TrHu)
 22269 | Lair:5   | Noticed a dire elephant
 22285 | Lair:5   | Killed a dire elephant
 22523 | Lair:6   | Entered Level 6 of the Lair of Beasts
 22531 | Lair:6   | Reached skill level 10 in Armour
 22618 | Lair:5   | Reached skill level 10 in Shields
 24159 | Lair:6   | Got an ichor-stained scale mail
 24170 | Lair:6   | Identified the cursed +0 scale mail "Horikk" {-Tele rElec
                  | Int+2} (You found it on level 6 of the Lair of Beasts)
 24237 | Lair:6   | Found a runed translucent gate.
 24237 | Lair:6   | Found a runed translucent gate.
 24237 | Lair:6   | Found a runed translucent gate.
 24239 | Lair:6   | Found a viscous altar of Jiyva.
 24239 | Lair:6   | Noticed flotson's ghost (journeyman VSAs)
 24391 | Lair:6   | Found a burning altar of Makhleb.
 24457 | Lair:6   | Received a gift from Okawaru
 24842 | Lair:6   | Found a gateway to Hell.
 25064 | Orc:1    | Entered Level 1 of the Orcish Mines
 25102 | Orc:1    | Found a dark tunnel.
 25113 | Volcano  | Entered a volcano
 25289 | Volcano  | Found a burning altar of Makhleb.
 25625 | Orc:1    | Found a roughly hewn altar of Beogh.
 26147 | Orc:2    | Entered Level 2 of the Orcish Mines
 26214 | Orc:2    | Found a staircase to the Elven Halls.
 26387 | Orc:2    | Reached XP level 15. HP: 61/125 MP: 20/20
 27217 | Orc:2    | Received a gift from Okawaru
 27385 | Orc:2    | Found Wotek's Magic Scroll Shop.
 27385 | Orc:2    | Found Ziawim's Antique Armour Shoppe.
 27385 | Orc:2    | Found Akeakh's Distillery.
 27385 | Orc:2    | Found Saafa Zer's Gadget Boutique.
 27397 | Orc:2    | Bought a potion of invisibility for 96 gold pieces
 27397 | Orc:2    | Bought a potion of ambrosia for 96 gold pieces
 27397 | Orc:2    | Bought a potion of haste for 120 gold pieces
 27397 | Orc:2    | Bought a potion of heal wounds for 60 gold pieces
 27399 | Orc:2    | Bought a pair of glowing gloves for 232 gold pieces
 28220 | D:13     | Found Forrib's Jewellery Emporium.
 28241 | D:13     | Bought a cursed -2 ring of protection for 26 gold pieces
 28242 | D:13     | Bought the ring of Eternal Harmony {Str+7 Stlth+} for 509
                  | gold pieces
 28253 | D:13     | Found a portal to a secret trove of treasure.
 28812 | D:13     | Received a gift from Okawaru
 29216 | D:14     | Reached XP level 16. HP: 112/134 MP: 22/22
 29234 | D:14     | Found a gate to the Vaults.
 29832 | D:15     | Entered Level 15 of the Dungeon
 30231 | D:15     | Found a staircase to the Depths.
 30767 | D:15     | Noticed Rupert
 30786 | D:15     | Killed Rupert
 31685 | Snake:1  | Entered Level 1 of the Snake Pit
 31753 | Snake:1  | Received a gift from Okawaru
 31753 | Snake:1  | Reached skill level 10 in Invocations
 32175 | Snake:1  | Reached skill level 15 in Fighting
 32616 | Snake:1  | Reached skill level 15 in Long Blades
 33074 | Snake:1  | Identified Roxanne's Volume of the Rocks
 33074 | Snake:1  | Noticed Roxanne
 33124 | Snake:1  | Noticed Aizul
 33133 | Snake:1  | Killed Aizul
 33133 | Snake:1  | Reached XP level 17. HP: 142/142 MP: 16/24
 33384 | Snake:2  | Identified the +6 short sword of Bemutz {venom, MR+++ Str-4
                  | Int-2 Dex+6}
 35311 | Snake:3  | Received a gift from Okawaru
 35369 | Snake:3  | Noticed Nikola
 35960 | Snake:3  | Noticed Donald
 35978 | Snake:3  | Killed Donald
 36206 | Snake:3  | Killed Nikola
 36506 | Snake:4  | Entered Level 4 of the Snake Pit
 36626 | Snake:4  | Reached skill level 1 in Throwing
 36643 | Snake:4  | Noticed Vashnia
 37477 | Snake:4  | Reached XP level 18. HP: 116/151 MP: 25/25
 37941 | Snake:4  | Received a gift from Okawaru
 37959 | Snake:4  | Identified the +7 demon blade "Xeili" {venom, +Blink}
                  | (Okawaru gifted it to you on level 4 of the Snake Pit)
 38510 | Snake:4  | Noticed Kirke
 38634 | Snake:4  | Killed Kirke
 39349 | Snake:4  | Received a gift from Okawaru
 39530 | Snake:4  | Killed Vashnia
 39530 | Snake:4  | Reached skill level 5 in Throwing
 40151 | Snake:4  | Reached XP level 19. HP: 136/159 MP: 26/26
 40267 | Snake:4  | Got a serpentine rune of Zot
 40540 | Shoals:1 | Entered Level 1 of the Shoals
 40979 | Shoals:1 | Identified the cursed +0 long sword of the Curious Demons
                  | {protect, rElec MR- Int+4} (You found it on level 1 of the
                  | Shoals)
 41080 | Shoals:1 | Reached skill level 1 in Dodging
 42319 | Shoals:3 | Received a gift from Okawaru
 42324 | Shoals:3 | Got a crude chain mail {god gift}
 42325 | Shoals:3 | Identified the +1 chain mail of Broken Taboos {Int+4}
                  | (Okawaru gifted it to you on level 3 of the Shoals)
 42489 | Shoals:3 | Found Jusec's Jewellery Boutique.
 42497 | Shoals:3 | Bought a cursed -6 ring of dexterity for 26 gold pieces
 42498 | Shoals:3 | Bought the ring "Lojiafol" {+Fly rF+ rC+ Str+4} for 609
                  | gold pieces
 42690 | Shoals:3 | Found a transporter.
 42690 | Shoals:3 | Identified the cursed +1 demon trident of the Orange Skies
                  | {drain, rC+}
 42698 | Shoals:3 | Noticed Urchum Siadgh's ghost (adept FoFi)
 42703 | Shoals:3 | Found a transporter.
 42736 | Shoals:3 | Found a bloodstained altar of Trog.
 42747 | Shoals:3 | Identified the cursed +1 trident of Discretion {vorpal,
                  | *Drain MR- Str+8 Int+4}
 42944 | Shoals:3 | Found a shattered altar of Ashenzari.
 43257 | Shoals:4 | Entered Level 4 of the Shoals
 43800 | Shoals:4 | Got a barnacled rune of Zot
 43917 | Shoals:4 | Identified the Almanac of Boosts and Transmutation
 43970 | Shoals:4 | Reached XP level 20. HP: 167/167 MP: 27/27
 44925 | Lair:6   | Killed flotson's ghost
 44941 | Lair:6   | Received a gift from Okawaru
 44948 | Lair:6   | Reached skill level 15 in Armour
 45013 | Lair:5   | Killed Bis Ygrae's ghost
 45019 | Lair:5   | Killed Oshrurad's ghost
 45019 | Lair:5   | Reached skill level 5 in Dodging
 45019 | Lair:5   | Reached skill level 15 in Shields
 45023 | Lair:5   | Killed Bis Ygrae's ghost
 45037 | Lair:5   | Killed Lunkiymp's ghost
 45230 | D:7      | Killed Harold
 45432 | Vaults:1 | Entered Level 1 of the Vaults
 45944 | Vaults:1 | Received a gift from Okawaru
 45995 | Vaults:1 | Received a gift from Okawaru
 46784 | Vaults:1 | Found a shimmering blue altar of Sif Muna.
 47120 | Vaults:2 | Reached XP level 21. HP: 175/175 MP: 28/28
 47680 | Vaults:2 | Found a staircase to the Crypt.
 47684 | Vaults:2 | Received a gift from Okawaru
 48408 | Vaults:2 | Noticed Saint Roka
 48419 | Vaults:2 | Killed Saint Roka
 48509 | Vaults:2 | Noticed Margery
 48521 | Vaults:2 | Killed Margery
 48660 | Vaults:2 | Found Guerijoe's Antique Armour Boutique.
 48691 | Vaults:2 | Bought a runed helmet for 247 gold pieces
 49131 | Vaults:3 | Received a gift from Okawaru
 49883 | Vaults:3 | Reached XP level 22. HP: 183/183 MP: 29/29
 50072 | Vaults:3 | Reached skill level 10 in Throwing
 50137 | Vaults:3 | Received a gift from Okawaru
 51469 | Vaults:4 | Received a gift from Okawaru
 51567 | Vaults:4 | Identified a +1 pair of boots of running (Okawaru gifted it
                  | to you on level 4 of the Vaults)
 52555 | Vaults:4 | Reached XP level 23. HP: 81/192 MP: 28/30
 53386 | Vaults:3 | Got a shimmering rapier
 54013 | Orc:2    | Bought a scroll of enchant armour for 120 gold pieces
 54013 | Orc:2    | Bought a scroll of identify for 32 gold pieces
 54013 | Orc:2    | Bought a scroll of enchant armour for 120 gold pieces
 54013 | Orc:2    | Bought a scroll of identify for 32 gold pieces
 54015 | Orc:2    | Identified the cursed +0 rapier "Daovaib" {drain, rC+ Str+2
                  | Int+4} (You found it on level 3 of the Vaults)
 54021 | Orc:2    | Bought a wand of disintegration (13) for 238 gold pieces
 54023 | Orc:2    | Bought a potion of mutation for 96 gold pieces
 54023 | Orc:2    | Bought a potion of heal wounds for 60 gold pieces
 54023 | Orc:2    | Bought a potion of curing for 36 gold pieces
 54153 | Depths:1 | Entered Level 1 of the Depths
 54164 | D:15     | Reached skill level 10 in Dodging
 54324 | D:15     | Received a gift from Okawaru
 54497 | Depths:1 | Received a gift from Okawaru
 54886 | Depths:1 | Found a runed translucent gate.
 54887 | Depths:1 | Found a runed translucent gate.
 54888 | Depths:1 | Found a runed translucent gate.
 54908 | Depths:1 | Found an opulent altar of Gozag.
 54908 | Depths:1 | Found Siyd's Assorted Antiques.
 54909 | Depths:1 | Noticed Faebawk's ghost (adept DsFi)
 55209 | Depths:1 | Noticed Asterion
 55216 | Depths:1 | Killed Asterion
 55663 | Depths:2 | Received a gift from Okawaru
 56768 | Depths:2 | Noticed a juggernaut
 56783 | Depths:2 | Killed a juggernaut
 56857 | Depths:2 | Noticed Louise
 56868 | Depths:2 | Killed Louise
 56874 | Depths:2 | Reached XP level 24. HP: 167/201 MP: 30/30
 56952 | Depths:2 | Found a one-way gate to the infinite horrors of the Abyss.
 57172 | Depths:2 | Received a gift from Okawaru
 57270 | Depths:2 | Noticed a golden dragon
 57282 | Depths:2 | Killed a golden dragon
 57282 | Depths:2 | Received a gift from Okawaru
 57331 | Depths:2 | Noticed Sojobo
 57332 | Depths:2 | Noticed Agnes
 57364 | Depths:2 | Found a snail-covered altar of Cheibriados.
 57439 | Depths:2 | Killed Agnes
 57502 | Depths:2 | Killed Sojobo
 57674 | Depths:2 | Received a gift from Okawaru
 57875 | Depths:2 | Found a one-way gate leading to the halls of Pandemonium.
 59531 | Depths:3 | Found a shattered altar of Ashenzari.
 59550 | Depths:3 | Received a gift from Okawaru
 60168 | Depths:3 | Received a gift from Okawaru
 61288 | Depths:4 | Noticed a golden dragon
 61298 | Depths:4 | Killed a golden dragon
 61303 | Depths:4 | Reached XP level 25. HP: 199/210 MP: 30/30
 62590 | Depths:4 | Found a gateway to a ziggurat.
 62732 | Depths:4 | Received a gift from Okawaru
 62923 | Depths:4 | Noticed an ancient lich
 62937 | Depths:4 | Killed an ancient lich
 62937 | Depths:4 | Received a gift from Okawaru
 62956 | Depths:4 | Identified the +4 scimitar of @_evil_stuff_@ {pain, rC+
                  | Stlth+} (Okawaru gifted it to you on level 4 of the Depths)
 63517 | Depths:5 | Entered Level 5 of the Depths
 63744 | Depths:5 | Found a runed translucent door.
 63782 | Depths:5 | Noticed Sares's ghost (veteran FoFi)
 63797 | Depths:5 | Noticed a juggernaut
 63809 | Depths:5 | Killed a juggernaut
 64303 | Depths:5 | Found Vaovill's Weapon Emporium.
 64678 | Depths:5 | Received a gift from Okawaru
 64726 | Depths:5 | Identified the +4 long sword "Earthworm" {vorpal, Str+6}
                  | (Okawaru gifted it to you on level 5 of the Depths)
 65002 | Depths:5 | Found a gate to the Realm of Zot.
 65197 | Depths:5 | Reached XP level 26. HP: 189/219 MP: 30/30
 65314 | Depths:5 | Found Zovomour's Antique Armour Emporium.
 65910 | Depths:5 | Found the +12 Vampire's Tooth {vamp}
 65921 | Depths:5 | Identified the cursed +3 flail of the Eel {freeze, *Drain
                  | rN+ Str+4 Int+6}
 66141 | Elf:1    | Entered Level 1 of the Elven Halls
 66141 | Elf:1    | Found a flickering gateway to a bazaar.
 66151 | Bazaar   | Entered a bazaar
 66153 | Bazaar   | Found Nokeirusch's Jewellery Boutique.
 66157 | Bazaar   | Bought a cursed amulet of inaccuracy for 18 gold pieces
 66158 | Bazaar   | Found Fetwaw's Jewellery Boutique.
 66158 | Bazaar   | Found Caaph's Assorted Antiques.
 66158 | Bazaar   | Found Uzor's Magic Scroll Boutique.
 66173 | Bazaar   | Bought a cursed ring of teleportation for 31 gold pieces
 66179 | Bazaar   | Bought a scroll of enchant armour for 67 gold pieces
 66195 | Bazaar   | Bought a scratched wooden ring for 115 gold pieces
 66213 | Bazaar   | Bought an uncursed ring of magical power for 180 gold
                  | pieces
 66219 | Bazaar   | Bought a scroll of identify for 18 gold pieces
 66658 | Elf:1    | Identified Letoifag's Volume of Calling
 66687 | Elf:1    | Received a gift from Okawaru
 67429 | Elf:2    | Found a frozen archway.
 67449 | IceCv    | Entered an ice cave
 67832 | IceCv    | Identified the cursed +0 helmet "Yqetyd" {Str+5} (You found
                  | it in an ice cave)
 67857 | IceCv    | Identified the +4 cloak of the Other World {rC+} (You
                  | acquired it in an ice cave)
 67941 | Elf:2    | Found a runed translucent gate.
 67941 | Elf:2    | Found a runed translucent gate.
 67941 | Elf:2    | Found a runed translucent gate.
 68010 | Elf:2    | Found an ancient bone altar of Kikubaaqudgha.
 68365 | Elf:2    | Found Oprac's Jewellery Emporium.
 68367 | Elf:2    | Found Omuucruu's Magic Scroll Emporium.
 68378 | Elf:2    | Received a gift from Okawaru
 68386 | Elf:2    | Found Koexeog's Antique Weapon Emporium.
 68394 | Elf:2    | Found Qovugh's Weapon Emporium.
 68402 | Elf:2    | Bought an uncursed ring of resist corrosion for 300 gold
                  | pieces
 68402 | Elf:2    | Bought an uncursed ring of protection from magic for 375
                  | gold pieces
 68405 | Elf:2    | Bought a scroll of acquirement for 780 gold pieces
 68405 | Elf:2    | Bought a scroll of blinking for 112 gold pieces
 68405 | Elf:2    | Identified the +2 double sword of Fury {freeze, *Drain rF++
                  | Str+3} (You acquired it on level 2 of the Elven Halls)
 68405 | Elf:2    | Identified the amulet "Xiul Kiklora" {Reflect Int+7 SH+5}
                  | (You acquired it on level 2 of the Elven Halls)
 69116 | Elf:3    | Entered Level 3 of the Elven Halls
 69152 | Elf:3    | Found Ruosoq's Weapon Boutique.
 69833 | Elf:3    | Identified the +2 whip of the Enemy {vorpal, Int+4}
 69833 | Elf:3    | Identified the ring "Puli" {rElec rCorr Dex+3}
 69982 | Elf:3    | Identified the amulet of Amuenog {Spirit rN++ Int+2}
 70027 | Elf:3    | Reached XP level 27. HP: 168/228 MP: 30/30
 70063 | Elf:3    | Identified the Disquisition on the Blaze and Poisoning
 70197 | Elf:3    | Identified the amulet of Verhisch {Gourm rC+ rN+ MR- Int+4}
                  | (You acquired it on level 3 of the Elven Halls)
 70197 | Elf:3    | Identified the +6 falchion of Extinguishment {vamp, Str+2}
                  | (You acquired it on level 3 of the Elven Halls)
 70376 | D:13     | You paid a toll of 15 potions of curing to enter a treasure
                  | trove
 70377 | Trove    | Entered a treasure trove
 70399 | Trove    | Identified the Grimoire of the Rocks and Poisoning
 70418 | Trove    | Identified Sif Muna's Collected Works on Earthen
                  | Transmutation
 70716 | Vaults:5 | Entered Level 5 of the Vaults
 70719 | Vaults:5 | Noticed Boris
 70750 | Vaults:4 | Received a gift from Okawaru
 70882 | Vaults:4 | Killed Boris
 70912 | Vaults:5 | Received a gift from Okawaru
 70944 | Vaults:4 | Received a gift from Okawaru
 71424 | Vaults:5 | Received a gift from Okawaru
 71727 | Vaults:5 | Identified the ring of Propriety {rPois Str+4 Int-4 Stlth+}
 71739 | Vaults:5 | Received a gift from Okawaru
 72105 | Vaults:5 | Received a gift from Okawaru
 72228 | Vaults:5 | Received a gift from Okawaru
 72892 | Vaults:5 | Got a silver rune of Zot
 73020 | Vaults:5 | Identified the cursed +2 falchion "Undertaker" {vorpal,
                  | rElec}
 73249 | Vaults:5 | Identified the +0 helmet "Hass" {rN+} (You acquired it on
                  | level 5 of the Vaults)
 73249 | Vaults:5 | Identified the +4 double sword of Embarrassment {elec,
                  | +Blink} (You acquired it on level 5 of the Vaults)
 73401 | Vaults:5 | Identified the +6 tower shield of the Salmon {MP-9 Dex+5}
                  | (You acquired it on level 5 of the Vaults)
 73401 | Vaults:5 | Identified the amulet "Geurha" {Reflect rElec rPois Str+4
                  | Slay-5 SH+3} (You acquired it on level 5 of the Vaults)
 73797 | Zot:1    | Entered Level 1 of the Realm of Zot
 74152 | Zot:1    | Received a gift from Okawaru
 76432 | Zot:2    | Found a runed translucent door.
 76432 | Zot:2    | Noticed Gyfuhin's ghost (legendary HOBe)
 76656 | Zot:2    | Received a gift from Okawaru
 76820 | Zot:3    | Reached skill level 15 in Dodging
 77309 | Zot:3    | Received a gift from Okawaru
 79745 | Zot:5    | Entered Level 5 of the Realm of Zot
 80089 | Zot:5    | Received a gift from Okawaru
 80131 | Zot:5    | Identified the +4 scale mail of Awe {*Drain Int+2 Slay+3}
                  | (Okawaru gifted it to you on level 5 of the Realm of Zot)
 80503 | Zot:5    | Noticed an orb of fire
 80511 | Zot:5    | Killed an orb of fire
 80528 | Zot:5    | Noticed a Killer Klown
 80528 | Zot:5    | Noticed a Killer Klown
 80528 | Zot:5    | Noticed a Killer Klown
 80538 | Zot:5    | Killed a Killer Klown
 80546 | Zot:5    | Killed a Killer Klown
 80556 | Zot:5    | Noticed an ancient lich
 80562 | Zot:5    | Killed a Killer Klown
 80563 | Zot:5    | Noticed an ancient lich
 80565 | Zot:5    | Noticed a Killer Klown
 80573 | Zot:5    | Killed an ancient lich
 80579 | Zot:5    | Paralysed by an ancient lich for 7 turns
 80587 | Zot:5    | Killed an ancient lich
 80595 | Zot:5    | Killed a Killer Klown
 81256 | Zot:5    | Noticed a Killer Klown
 81264 | Zot:5    | Killed a Killer Klown
 82119 | Zot:5    | Noticed a Killer Klown
 82119 | Zot:5    | Noticed an ancient lich
 82119 | Zot:5    | Noticed an ancient lich
 82124 | Zot:5    | Noticed an orb of fire
 82129 | Zot:5    | Killed a Killer Klown
 82129 | Zot:5    | Received a gift from Okawaru
 82139 | Zot:5    | Gained mutation: You are weak. (Str -2) [an orb of fire]
 82141 | Zot:5    | Noticed an orb of fire
 82142 | Zot:5    | Killed an orb of fire
 82146 | Zot:5    | Killed an ancient lich
 82146 | Zot:5    | Received a gift from Okawaru
 82153 | Zot:5    | Killed an ancient lich
 82159 | Zot:5    | Gained mutation: Your mind is acute. (Int +2) [an orb of
                  | fire]
 82164 | Zot:5    | Killed an orb of fire
 82164 | Zot:5    | Received a gift from Okawaru
 82246 | Zot:5    | Noticed a Killer Klown
 82260 | Zot:5    | Killed a Killer Klown
 82290 | Zot:5    | Noticed a Killer Klown
 82305 | Zot:5    | Killed a Killer Klown
 82507 | Zot:5    | Received a gift from Okawaru
 82682 | Zot:5    | Noticed an orb of fire
 82693 | Zot:5    | Gained mutation: You occasionally shout uncontrollably at
                  | your foes. [an orb of fire]
 82701 | Zot:5    | Killed an orb of fire
 82723 | Zot:5    | Noticed a Killer Klown
 82748 | Zot:5    | Killed a Killer Klown
 83332 | Zot:2    | Killed Gyfuhin's ghost
 83445 | Depths:5 | Killed Sares's ghost
 83453 | Depths:5 | Found a runed translucent door.
 83472 | Depths:5 | Noticed Rod Fuaf's ghost (adept MiGl)
 83487 | Depths:5 | Killed Rod Fuaf's ghost
 83503 | Depths:5 | Found a runed translucent door.
 83506 | Depths:5 | Noticed Qeefam's ghost (veteran DDNe)
 83532 | Depths:5 | Killed Qeefam's ghost
 83914 | Elf:3    | Bought a +3 demon blade of freezing for 836 gold pieces
 84284 | Shoals:3 | Killed Urchum Siadgh's ghost
 84284 | Shoals:3 | Received a gift from Okawaru
 84581 | Snake:1  | Killed Roxanne
 84916 | Depths:1 | Killed Faebawk's ghost
 84982 | Depths:1 | Bought 2 potions of resistance for 600 gold pieces
 85144 | Depths:2 | Voluntarily entered the Abyss.
 85345 | Abyss:1  | Noticed an ancient lich
 85361 | Abyss:1  | Killed an ancient lich
 85626 | Abyss:2  | Found a corrupted altar of Lugonu.
 85987 | Depths:2 | Escaped the Abyss
 86376 | Depths:2 | Voluntarily entered the Abyss.
 86376 | Abyss:1  | Found a corrupted altar of Lugonu.
 87463 | Abyss:3  | Received a gift from Okawaru
 87842 | Abyss:3  | Gained mutation: You are frail. (-10% HP) [a neqoxec]
 88402 | Abyss:3  | Paralysed by accursed screaming for 2 turns
 88413 | Abyss:3  | Paralysed by accursed screaming for 2 turns
 88419 | Abyss:3  | Paralysed by accursed screaming for 2 turns
 88426 | Abyss:3  | Paralysed by accursed screaming for 1 turns
 89017 | Depths:2 | Escaped the Abyss
 89424 | Depths:2 | Lost mutation: You are weak. (Str -2) [potion of mutation]
 89424 | Depths:2 | Lost mutation: You are frail. (-10% HP) [potion of
                  | mutation]
 89424 | Depths:2 | Lost mutation: Your mind is acute. (Int +2) [potion of
                  | mutation]
 89424 | Depths:2 | Lost mutation: You occasionally shout uncontrollably at
                  | your foes. [potion of mutation]
 89424 | Depths:2 | Gained mutation: You are frail. (-10% HP) [potion of
                  | mutation]
 89424 | Depths:2 | Gained mutation: Your mind is acute. (Int +2) [potion of
                  | mutation]
 89424 | Depths:2 | Gained mutation: You have large cloven feet. [potion of
                  | mutation]
 89425 | Depths:2 | Lost mutation: You are frail. (-10% HP) [potion of
                  | mutation]
 89425 | Depths:2 | Lost mutation: Your mind is acute. (Int +2) [potion of
                  | mutation]
 89425 | Depths:2 | Lost mutation: You have large cloven feet. [potion of
                  | mutation]
 89425 | Depths:2 | Gained mutation: Your muscles are strong. (Str +2) [potion
                  | of mutation]
 89425 | Depths:2 | Gained mutation: You are partially covered in large bone
                  | plates. (SH +4) [potion of mutation]
 89425 | Depths:2 | Gained mutation: Your body sometimes deteriorates upon
                  | taking damage. [potion of mutation]
 89425 | Depths:2 | Gained mutation: Your muscles are very strong. (Str +4)
                  | [potion of mutation]
 89522 | Depths:2 | Voluntarily entered the Abyss.
 89536 | Abyss:1  | Received a gift from Okawaru
 89600 | Abyss:1  | Received a gift from Okawaru
 89623 | Abyss:1  | Paralysed by accursed screaming for 1 turns
 89626 | Depths:2 | Escaped the Abyss
 89824 | Depths:2 | Voluntarily entered the Abyss.
 89996 | Abyss:1  | Paralysed by accursed screaming for 1 turns
 90829 | Abyss:3  | Received a gift from Okawaru
 90830 | Abyss:3  | Found the +7 Kryia's mail coat {PotionHeal*2 rC+}
 90951 | Abyss:3  | Found a basalt altar of Yredelemnul.
 90981 | Abyss:3  | Reached skill level 15 in Invocations
 91103 | Abyss:3  | Lost mutation: Your muscles are very strong. (Str +4) [a
                  | neqoxec]
 91108 | Abyss:3  | Gained mutation: You are clumsy. (Dex -2) [a neqoxec]
 91252 | Abyss:3  | Found a transporter.
 91372 | Abyss:3  | Found a transporter.
 91633 | Depths:2 | Escaped the Abyss
 92129 | Slime:1  | Entered Level 1 of the Pits of Slime
 92167 | Slime:1  | Gained mutation: Your spells are a little easier to cast,
                  | but a little less powerful. [a shining eye]
 92170 | Slime:1  | Gained mutation: You are very clumsy. (Dex -4) [a shining
                  | eye]
 92172 | Slime:1  | Gained mutation: Scrolls take you a little longer to read.
                  | [a shining eye]
 92192 | Slime:1  | Lost mutation: You are very clumsy. (Dex -4) [potion of
                  | mutation]
 92192 | Slime:1  | Gained mutation: You are frail. (-10% HP) [potion of
                  | mutation]
 92192 | Slime:1  | Gained mutation: You possess an exceptional clarity of
                  | mind. [potion of mutation]
 92193 | Slime:1  | Lost mutation: Your spells are a little easier to cast, but
                  | a little less powerful. [potion of mutation]
 92193 | Slime:1  | Lost mutation: Your body sometimes deteriorates upon taking
                  | damage. [potion of mutation]
 92193 | Slime:1  | Gained mutation: You are partially covered in icy blue
                  | scales. (AC +2) [potion of mutation]
 92202 | Slime:1  | Lost mutation: You possess an exceptional clarity of mind.
                  | [potion of mutation]
 92202 | Slime:1  | Lost mutation: You are clumsy. (Dex -2) [potion of
                  | mutation]
 92202 | Slime:1  | Lost mutation: You are frail. (-10% HP) [potion of
                  | mutation]
 92202 | Slime:1  | Gained mutation: Scrolls take you longer to read. [potion
                  | of mutation]
 92202 | Slime:1  | Gained mutation: Scrolls take you much longer to read.
                  | [potion of mutation]
 92202 | Slime:1  | Gained mutation: You evolve. [potion of mutation]
 92947 | Depths:1 | Bought a scroll of torment for 225 gold pieces
 92947 | Depths:1 | Bought a scroll of immolation for 105 gold pieces
 92947 | Depths:1 | Bought a scroll of teleportation for 90 gold pieces
 92947 | Depths:1 | Bought a potion of curing for 90 gold pieces
 93545 | Slime:5  | Entered Level 5 of the Pits of Slime
 93564 | Slime:5  | Received a gift from Okawaru
 93902 | Slime:5  | Noticed the Royal Jelly
 93956 | Slime:5  | Gained mutation: You expend magic power (3 MP) to
                  | strengthen your wands. [a shining eye]
 93972 | Slime:5  | Killed the Royal Jelly
 94102 | Slime:5  | Gained mutation: You are dopey. (Int -2) [a shining eye]
 94120 | Slime:5  | Got an ancient platinum amulet
 94124 | Slime:5  | Identified the amulet "Cipsuxt" {Gourm MP+9 Int+2} (You
                  | found it on level 5 of the Pits of Slime)
 94138 | Slime:5  | Identified the cursed +1 fustibalus "Zulenol" {speed, +Fly}
                  | (You found it on level 5 of the Pits of Slime)
 94196 | Slime:5  | Got a bound lead ring
 94200 | Slime:5  | Identified the ring "Tydd" {rC- MR+ AC+4 Dex+3 Slay+2} (You
                  | found it on level 5 of the Pits of Slime)
 94226 | Slime:5  | Got a slimy rune of Zot
 94601 | Depths:2 | Lost mutation: Scrolls take you much longer to read.
                  | [potion of mutation]
 94601 | Depths:2 | Lost mutation: Scrolls take you longer to read. [potion of
                  | mutation]
 94601 | Depths:2 | Lost mutation: You are dopey. (Int -2) [potion of mutation]
 94601 | Depths:2 | Lost mutation: Scrolls take you a little longer to read.
                  | [potion of mutation]
 94601 | Depths:2 | Lost mutation: You evolve. [potion of mutation]
 94601 | Depths:2 | Gained mutation: You can translocate small distances at
                  | will. [potion of mutation]
 94601 | Depths:2 | Gained mutation: You have a pair of small horns on your
                  | head. [potion of mutation]
 95082 | Depths:2 | Voluntarily entered the Abyss.
 95086 | Abyss:1  | Noticed an ancient lich
 95110 | Abyss:1  | Killed an ancient lich
 95128 | Abyss:1  | Paralysed by accursed screaming for 1 turns
 95446 | Abyss:2  | Found a corrupted altar of Lugonu.
 95616 | Abyss:3  | Found a blossoming altar of Fedhas.
 95654 | Abyss:3  | Received a gift from Okawaru
 95733 | Abyss:3  | Got an abyssal rune of Zot
 95760 | Depths:2 | Escaped the Abyss
 96170 | Temple   | Fell from the grace of Okawaru
 96170 | Temple   | Became a worshipper of the Shining One
 96521 | Crypt:1  | Entered Level 1 of the Crypt
 96552 | Crypt:1  | Noticed Boris
 96557 | Crypt:1  | Killed Boris
 96557 | Crypt:1  | Reached * piety under the Shining One
 96616 | Crypt:1  | Reached ** piety under the Shining One
 96769 | Crypt:1  | Noticed Xtahua
 96778 | Crypt:1  | Killed Xtahua
 96937 | Crypt:1  | Reached *** piety under the Shining One
 97013 | Crypt:1  | Noticed an ancient lich
 97021 | Crypt:1  | Killed an ancient lich
 97074 | Crypt:1  | Reached **** piety under the Shining One
 97350 | Crypt:2  | Reached ***** piety under the Shining One
 97400 | Crypt:2  | Noticed Mennas
 97417 | Crypt:2  | Killed Mennas
 97474 | Crypt:2  | Noticed Mara
 97494 | Crypt:2  | Noticed Faca's illusion
 97498 | Crypt:2  | Killed Mara
 97537 | Crypt:2  | Reached ****** piety under the Shining One
 98550 | Crypt:2  | Got a heavily runed jade ring
 98551 | Crypt:2  | Identified the ring of Lizxeg {rPois rF+ MP+9 Int-3} (You
                  | found it on level 2 of the Crypt)
 98716 | Crypt:3  | Entered Level 3 of the Crypt
 98790 | Crypt:3  | Identified the -6 pair of gloves of Compression {*Drain
                  | rElec rC+ rN++} (You acquired it on level 3 of the Crypt)
 99332 | Crypt:3  | Noticed Boris
 99342 | Crypt:3  | Killed Boris
 99361 | Crypt:3  | Found the +7 pair of quick blades "Gyre" and "Gimble"
                  | {protect}
 99479 | Crypt:3  | Noticed Frederick
 99645 | Crypt:3  | Was forgiven by Okawaru
 99709 | Crypt:3  | Noticed an ancient lich
 99709 | Crypt:3  | Noticed an ancient lich
 99714 | Crypt:3  | Killed Frederick
 99723 | Crypt:3  | Killed an ancient lich
 99726 | Crypt:3  | Killed an ancient lich
 99733 | Crypt:3  | Identified the amulet of Tigeaf {Faith Str-5 Dex+3 Slay+3
                  | SInv Stlth+} (You found it on level 3 of the Crypt)
 99765 | Crypt:3  | Identified the cursed +0 pair of gloves "Farchyora" {-Cast
                  | rF++ rN+ Stlth+} (You found it on level 3 of the Crypt)
 99935 | Crypt:3  | Found a staircase to the Tomb.
100165 | Crypt:3  | Upgraded the game from 0.25-a0-632-g7713895 to
                  | 0.25-a0-635-g0c6c292
100545 | Hell     | Entered the Vestibule of Hell
100545 | Hell     | Noticed Geryon
100564 | Hell     | Killed Geryon
100569 | Hell     | Reached skill level 15 in Throwing
100806 | Hell     | Found a gateway to the decaying netherworld of Tartarus.
100875 | Hell     | Found a gateway to the ashen valley of Gehenna.
101000 | Hell     | Found a gateway to the Iron City of Dis.
101109 | Hell     | Found a gateway to the freezing wastes of Cocytus.
101267 | Tar:1    | Entered Level 1 of Tartarus
101803 | Tar:7    | Entered Level 7 of Tartarus
102391 | Tar:7    | Noticed Ereshkigal
102419 | Tar:7    | Killed Ereshkigal
102579 | Tar:7    | Got a bone rune of Zot
102581 | Tar:7    | Got a bound turquoise ring
102582 | Tar:7    | Identified the ring of Jealousy {*Tele Str+3} (You found it
                  | on level 7 of Tartarus)
103115 | Dis:1    | Entered Level 1 of the Iron City of Dis
104857 | Dis:5    | Reached skill level 27 in Long Blades
105039 | Dis:7    | Entered Level 7 of the Iron City of Dis
105705 | Dis:7    | Identified the +5 plate armour of the Poles {rN+ MR+} (You
                  | found it on level 7 of the Iron City of Dis)
106196 | Dis:7    | Identified the +4 staff of Dispater
106196 | Dis:7    | Noticed Dispater
106224 | Dis:7    | Killed Dispater
106459 | Dis:7    | Found the ring of Phasing {EV+8}
106463 | Dis:7    | Identified the +2 pair of boots of Claustrophobia {rPois
                  | rF+ rN+} (You found it on level 7 of the Iron City of Dis)
106468 | Dis:7    | Got an iron rune of Zot
106712 | Coc:1    | Entered Level 1 of Cocytus
107050 | Coc:3    | Noticed a shard shrike
107062 | Coc:3    | Killed a shard shrike
107071 | Coc:4    | Noticed a shard shrike
107071 | Coc:4    | Noticed a shard shrike
107078 | Coc:4    | Killed a shard shrike
107086 | Coc:4    | Killed a shard shrike
107204 | Coc:5    | Noticed a shard shrike
107214 | Coc:5    | Killed a shard shrike
107241 | Coc:5    | Noticed a shard shrike
107243 | Coc:5    | Noticed a shard shrike
107245 | Coc:5    | Killed a shard shrike
107247 | Coc:5    | Killed a shard shrike
108020 | Coc:3    | Noticed a shard shrike
108021 | Coc:3    | Noticed a shard shrike
108023 | Coc:3    | Noticed a shard shrike
108031 | Coc:3    | Killed a shard shrike
108035 | Coc:3    | Killed a shard shrike
108040 | Coc:3    | Killed a shard shrike
108221 | Coc:7    | Entered Level 7 of Cocytus
108253 | Coc:7    | Noticed a shard shrike
108259 | Coc:7    | Killed a shard shrike
108501 | Coc:7    | Noticed a shard shrike
108501 | Coc:7    | Noticed a shard shrike
108501 | Coc:7    | Noticed a shard shrike
108501 | Coc:7    | Noticed a shard shrike
108505 | Coc:7    | Killed a shard shrike
108508 | Coc:7    | Killed a shard shrike
108508 | Coc:7    | Reached skill level 27 in Fighting
108512 | Coc:7    | Killed a shard shrike
108514 | Coc:7    | Killed a shard shrike
108768 | Coc:7    | Noticed a shard shrike
108777 | Coc:7    | Killed a shard shrike
109256 | Coc:7    | Noticed Antaeus
109286 | Coc:7    | Killed Antaeus
109423 | Coc:7    | Got a crude brass ring
109424 | Coc:7    | Identified the ring "Gitise" {MR+ MP+9 Stlth+} (You found
                  | it on level 7 of Cocytus)
109454 | Coc:7    | Got a sparkling jade ring
109455 | Coc:7    | Identified the ring "Fyemudud" {rPois Int+4 Stlth+} (You
                  | found it on level 7 of Cocytus)
109479 | Coc:7    | Identified the Tome of Supportive Translocation
109494 | Coc:7    | Got an icy rune of Zot
109665 | Geh:1    | Entered Level 1 of Gehenna
110517 | Geh:7    | Entered Level 7 of Gehenna
110664 | Geh:7    | Reached skill level 27 in Armour
110767 | Geh:7    | Noticed the Serpent of Hell
110788 | Geh:7    | Killed the Serpent of Hell
110788 | Geh:7    | Reached skill level 27 in Shields
111012 | Geh:7    | Found the +7 mace of Variability {chain chaos}
111036 | Geh:7    | Got a glittering copper ring
111037 | Geh:7    | Identified the ring "Qosec" {rC+ MR+ AC+5} (You found it on
                  | level 7 of Gehenna)
111041 | Geh:7    | Identified the cursed +0 cloak "Zeowix" {*Contam Str+4
                  | Slay+2} (You found it on level 7 of Gehenna)
111340 | Geh:7    | Identified the +7 sceptre of Asmodeus
111340 | Geh:7    | Noticed Asmodeus
111375 | Geh:7    | Killed Asmodeus
111437 | Geh:7    | Got an obsidian rune of Zot
111846 | Pan      | Entered Pandemonium
112027 | Pan      | Noticed Leontetz the pandemonium lord
112033 | Pan      | Killed Leontetz the pandemonium lord
112211 | Pan      | Noticed Siop the pandemonium lord
112218 | Pan      | Killed Siop the pandemonium lord
112337 | Pan      | Found a glowing silver altar of Zin.
112931 | Pan      | Identified the +5 scale mail of the Mackerel {rN+ MR+
                  | Int+3}
112931 | Pan      | Noticed a seraph
112967 | Pan      | Killed a seraph
113008 | Pan      | Found a glowing golden altar of the Shining One.
113015 | Pan      | Identified the Papyrus of Viperous Changing
113018 | Pan      | Got a demonic rune of Zot
113026 | Pan      | Got a clouded turquoise ring
113027 | Pan      | Identified the ring of Charity {Fire +Inv rN+ Int+3} (You
                  | found it in Pandemonium)
113035 | Pan      | Identified the Volume of Hurtful Evil
113107 | Pan      | Identified the +0 tower shield of Ereajysa {Dex+3}
113282 | Pan      | Found a white marble altar of Elyvilon.
113984 | Pan      | Noticed Lerewivy the pandemonium lord
114003 | Pan      | Killed Lerewivy the pandemonium lord
114346 | Pan      | Noticed Ihuiskeste the pandemonium lord
114352 | Pan      | Reached skill level 27 in Invocations
114360 | Pan      | Killed Ihuiskeste the pandemonium lord
114719 | Pan      | Entered the realm of Cerebov.
114746 | Pan      | Found an exit through the horrors of the Abyss.
114795 | Pan      | Identified the +7 quarterstaff of Resourcefulness {freeze,
                  | rN+ Str+3}
114904 | Pan      | Got an ancient pewter ring
114905 | Pan      | Identified the ring "Seur" {rC+ Dex+5} (You found it in
                  | Pandemonium)
114908 | Pan      | Got a pitted turquoise ring
114909 | Pan      | Identified the ring "Cetedee" {rPois rC+ MR- rCorr} (You
                  | found it in Pandemonium)
114912 | Pan      | Identified the Reference Book on Curses
114934 | Pan      | Identified the +6 sword of Cerebov {flame}
114934 | Pan      | Noticed Cerebov
114965 | Pan      | Killed Cerebov
115140 | Pan      | Identified the ring "Foloich" {Int+5 Slay+3}
115155 | Pan      | Got a fiery rune of Zot
115178 | Pan      | Identified the +2 cloak of the Worm {rPois rN+ Int+5
                  | Slay+3} (You found it in Pandemonium)
115181 | Pan      | Identified the Grimoire of Earthen Combat Magic
115185 | Pan      | Identified the Handbook of the Destructive Oath
115485 | Pan      | Found a runed translucent door.
115488 | Pan      | Noticed Heniyh the pandemonium lord
115489 | Pan      | Found a runed translucent door.
115491 | Pan      | Found a runed translucent door.
115497 | Pan      | Found a runed translucent door.
115929 | Pan      | Entered the realm of Gloorx Vloq.
115991 | Pan      | Noticed Gloorx Vloq
116003 | Pan      | Killed Gloorx Vloq
116011 | Pan      | Identified the cursed -6 cloak of the Maze {rC+ rN++ MR+}
                  | (You found it in Pandemonium)
116021 | Pan      | Got a dark rune of Zot
116329 | Pan      | Found an exit through the horrors of the Abyss.
116335 | Pan      | Entered the realm of Mnoleg.
116375 | Pan      | Gained mutation: You are clumsy. (Dex -2) [a cacodemon]
116410 | Pan      | Gained mutation: Armour fits poorly on your strangely
                  | shaped body. [a cacodemon]
116417 | Pan      | Gained mutation: You are frail. (-10% HP) [a cacodemon]
116509 | Pan      | Noticed Mnoleg
116534 | Pan      | Killed Mnoleg
116571 | Pan      | Got a glowing rune of Zot
116731 | Pan      | Noticed Xuibreang the pandemonium lord
116739 | Pan      | Killed Xuibreang the pandemonium lord
116775 | Pan      | Gained mutation: You tend to lose your temper in combat. [a
                  | cacodemon]
116831 | Pan      | Entered the realm of Lom Lobon.
116941 | Pan      | Noticed Lom Lobon
116962 | Pan      | Killed Lom Lobon
116998 | Pan      | Got a magical rune of Zot
117568 | Pan      | Noticed Gayhu the pandemonium lord
117573 | Pan      | Killed Gayhu the pandemonium lord
117877 | Pan      | Found an exit through the horrors of the Abyss.
117884 | Pan      | Took an exit into the Abyss.
117884 | Abyss:1  | Escaped into the Abyss
117892 | Abyss:1  | Found a corrupted altar of Lugonu.
117901 | Depths:2 | Escaped the Abyss
117903 | Depths:2 | Lost mutation: You are frail. (-10% HP) [potion of
                  | mutation]
117903 | Depths:2 | Lost mutation: You are clumsy. (Dex -2) [potion of
                  | mutation]
117903 | Depths:2 | Lost mutation: You tend to lose your temper in combat.
                  | [potion of mutation]
117903 | Depths:2 | Lost mutation: You have a pair of small horns on your head.
                  | [potion of mutation]
117903 | Depths:2 | Gained mutation: You are dopey. (Int -2) [potion of
                  | mutation]
117903 | Depths:2 | Gained mutation: You have sharp toenails. [potion of
                  | mutation]
118486 | Tomb:1   | Entered Level 1 of the Tomb of the Ancients
119067 | Tomb:1   | Noticed a greater mummy
119076 | Tomb:1   | Killed a greater mummy
119598 | Tomb:2   | Noticed a greater mummy
119607 | Tomb:2   | Noticed a greater mummy
119612 | Tomb:2   | Killed a greater mummy
119617 | Tomb:2   | Noticed a greater mummy
119652 | Tomb:2   | Killed a greater mummy
119679 | Tomb:2   | Noticed Boris
119680 | Tomb:2   | Noticed a greater mummy
119688 | Tomb:2   | Killed Boris
119696 | Tomb:2   | Killed a greater mummy
119723 | Tomb:2   | Killed a greater mummy
120190 | Tomb:2   | Upgraded the game from 0.25-a0-635-g0c6c292 to
                  | 0.25-a0-647-gd602d06
120297 | Tomb:2   | Gained mutation: Your magical capacity is low. (-10% MP)
                  | [the power of Zot]
120297 | Tomb:2   | Gained mutation: Potions are less effective at restoring
                  | your health. [the power of Zot]
120464 | Tomb:1   | Noticed a greater mummy
120477 | Tomb:1   | Killed a greater mummy
120478 | Tomb:1   | Noticed a greater mummy
120485 | Tomb:1   | Killed a greater mummy
120485 | Tomb:1   | Noticed a greater mummy
120490 | Tomb:1   | Killed a greater mummy
120491 | Tomb:1   | Noticed a greater mummy
120498 | Tomb:1   | Killed a greater mummy
120509 | Tomb:1   | Noticed a greater mummy
120516 | Tomb:1   | Killed a greater mummy
120830 | Tomb:1   | Noticed a greater mummy
120844 | Tomb:1   | Killed a greater mummy
121011 | Tomb:1   | Noticed a greater mummy
121022 | Tomb:1   | Noticed a greater mummy
121029 | Tomb:1   | Killed a greater mummy
121040 | Tomb:1   | Killed a greater mummy
121203 | Tomb:1   | Noticed a greater mummy
121203 | Tomb:1   | Noticed a greater mummy
121205 | Tomb:1   | Noticed a greater mummy
121207 | Tomb:1   | Noticed a greater mummy
121213 | Tomb:1   | Killed a greater mummy
121225 | Tomb:1   | Killed a greater mummy
121229 | Tomb:1   | Killed a greater mummy
121230 | Tomb:1   | Noticed a greater mummy
121239 | Tomb:1   | Killed a greater mummy
121245 | Tomb:1   | HP: 12/249 [greater mummy/divine providence (12)]
121247 | Tomb:1   | Killed a greater mummy
121770 | Tomb:1   | Noticed a greater mummy
121771 | Tomb:1   | Noticed a greater mummy
121798 | Tomb:1   | Killed a greater mummy
122002 | Tomb:1   | Killed a greater mummy
122122 | Tomb:1   | Noticed a greater mummy
122129 | Tomb:1   | Killed a greater mummy
122130 | Tomb:1   | Noticed a greater mummy
122136 | Tomb:1   | Killed a greater mummy
122198 | Tomb:2   | Killed by a mummy priest's death curse

Levels and vault maps discovered:
D:1:      onia_arrival_pyramid, layout_basic
D:2:      layout_basic, uniq_jessica
D:3:      layout_loops_corners, chequers_ecumenical_altar_simple_redux,
          gup_sewer_entry_spiral, nicolae_tso_swordbearing_angel
D:4:      layout_rooms, lemuel_doored_altar,
          chequers_temple_overflow_statue_of_worship, first_ration,
          uniq_crazy_yiuf_cottage
D:5:      layout_layer_cave, basic_altar, serial_shops, shop, nrook_uturn,
          grunt_dithmenos_shadows
D:6:      black_bear_nest_2, layout_loops_ring, trog_ov_bears_minmay
D:7:      layout_rooms, grunt_temple_overflow_champion_of_chaos, minitemple,
          nicolae_overflow_hidden_temple, lemuel_round_altar,
          minmay_temple_entry_wispy, uniq_harold, uniq_duvessa
D:8:      minmay_the_grid_triangle_9x9_rhombus_full
          [minmay_the_grid_triangle_9x9_stretched_checkered,
          minmay_the_grid_triangle_9x9_skeleton,
          minmay_the_grid_triangle_9x9_negative_grid,
          minmay_the_grid_triangle_9x9_from_above,
          minmay_the_grid_triangle_9x9_intruding_spiral,
          minmay_the_grid_triangle_9x9_pentomino_pain,
          minmay_the_grid_triangle_9x9_steps,
          minmay_the_grid_triangle_9x9_prize_special], layout_gridville,
          special_room [special_room_orc]
D:9:      layout_basic, old_standard_altar, basic_altar
D:10:     layout_loops_corners, lair_entry_dummy
D:11:     layout_irregular_city, uniq_josephine
D:12:     layout_loops_ring, zombieorc1_lemuel, basic_altar
D:13:     layout_small_grid, serial_shops, nicolae_shop_waterfront,
          enter_trove_1
D:14:     layout_loops_ring, ximxim_vaults_locker_room,
          corexii_leaking_fountain, grunt_livestock
D:15:     gammafunk_depths_entry_grave, layout_long_grid, serial_glass,
          glass_columns_c, glass_columns_a, glass_columns_b, glass_columns_a,
          glass_columns_b, glass_columns_b, glass_columns_a, glass_columns_a,
          hangedman_abyss_or_decor_passed, uniq_rupert
Temple:   compressed_dpeg_triangle_lava_temple
Lair:1:   layout_gridlike, chequers_serial_rivers_micro_b,
          serial_bayou_lagoon_b, lemuel_fruit_fields
Lair:2:   layout_loops_ring
Lair:3:   layout_hall_layers, minmay_snake_entry_guardpost_small,
          chequers_serial_rivers_large_b, chequers_serial_rivers_micro_d,
          uniq_snorg, uniq_fannar
Lair:4:   layout_big_grid, elwin_shoals_entry_rooms, grunt_megastairs_1
Lair:5:   beast_lair_carwin_large_2, layout_regular_city, slime_altar_1,
          gammafunk_ghost_cemetery
Lair:6:   evil_forest, layout_layer_cave, gammafunk_ghost_ooze,
          guppyfry_lair_drakes
Shoals:1: layout_shoals
Shoals:2: layout_shoals
Shoals:3: layout_shoals, gammafunk_ghost_wrathful_warriors, serial_shops,
          nicolae_shop_stone, lemuel_centaur_altar
Shoals:4: shoals_end_grunt_garden, layout_shoals
Snake:1:  layout_misc_corridors, st_stairs_8, nicolae_snake_lava_pool,
          lemuel_fruit_tree, uniq_aizul, uniq_roxanne
Snake:2:  layout_misc_corridors
Snake:3:  layout_rooms, grunt_ministairs_2, drop_trap, st_stairs_7, uniq_donald,
          uniq_nikola
Snake:4:  grunt_snake_rune_pools, layout_misc_corridors, uniq_vashnia,
          uniq_kirke
Slime:1:  layout_caves
Slime:2:  layout_caves
Slime:3:  layout_caves, uniq_dissolution
Slime:4:  layout_caves
Slime:5
Orc:1:    minmay_goldmine, layout_caves, nicolae_volcano_entry_lava_flow,
          mines1_david
Orc:2:    st_orc_ogre_mass, layout_diamond_mine, mines4_lemuel
Elf:1:    layout_gridlike, serial_shops, bzr_entry_lakeside,
          minmay_elf_demonology, nicolae_elf_glass_and_crystal_pillar_1,
          drop_trap
Elf:2:    layout_geoelf_diagonals, basic_altar, portal_ice_cave_entry_pillars_1,
          minmay_shop_grid_forest
Elf:3:    grunt_elf_hall_asides, layout_loops_cross, serial_shops, shop
Vaults:1: nicolae_vaults_network_quinsquares
          [nicolae_vaults_network_quincunx_subvault,
          nicolae_vaults_network_quincunx_subvault,
          nicolae_vaults_network_quincunx_subvault,
          nicolae_vaults_network_quincunx_subvault],
          grunt_vaults_funneled_arena, vaults_mumra_hexcomb,
          nicolae_vaults_rhombus_7, v_misc_8, nicolae_vaults_hallways_thing,
          v_misc_23, ontoclasm_vaults_hangar, ontoclasm_vaults_chip,
          vaults_room_fours, vaults_dpeg_hooks, layout_vaults_maze_snakey,
          basic_altar
Vaults:2: hangedman_vaults_restitches, ontoclasm_vaults_gallery,
          vaults_room_fancy_cross, vaults_dpeg_encased_lava,
          dpeg_vaults_monster_box, minmay_crypt_entry_simple_walls,
          vaults_room_hallway, nicolae_vaults_alarming, ontoclasm_vaults_twist,
          ontoclasm_vaults_eye, grunt_vaults_diagonal, hangedman_vaults_impose,
          vaults_dpeg_cross, ontoclasm_vaults_misaligned,
          vaults_room_grunt_arrival_checkpoint, vaults_room_pools,
          nicolae_vaults_shelves_hall, v_pattern_2, layout_vaults_omnibox,
          serial_shops, shop_fountains, uniq_saint_roka, uniq_margery
Vaults:3: hangedman_vaults_restitches, v_rooms_2, hangedman_vaults_nails,
          nicolae_vaults_sealed_display, nicolae_vaults_rhombus_6, v_misc_25,
          nicolae_vaults_ring_of_whatevers, layout_vaults_quadrants
Vaults:4: nicolae_vaults_network_barrier, vaults_room_large_hall,
          nicolae_vaults_diagonal_hallway_8, dpeg_vaults_pockets_of_resistance,
          hangedman_vaults_stretched_pinwheel, hangedman_vaults_hat,
          ontoclasm_vaults_idyll, v_pattern_4, vaults_room_large_hall,
          vaults_standard_mumra_enter_the_diamond, v_alt_pattern_1, v_rooms_1,
          layout_vaults_omnicross
Vaults:5: serial_shops, uniq_boris
Crypt:1:  layout_misc_corridors, weyrava_lich_vault, uniq_xtahua
Crypt:2:  layout_regular_city, grunt_ministairs_10, item_on_display_a,
          uniq_mennas, uniq_mara
Crypt:3:  david_glass_crypt, layout_misc_corridors, tomb_entry_sphere_bobbens,
          uniq_frederick
Tomb:1
Tomb:2
Depths:1: layout_twisted_cross, ebering_ghost_gozag, dk_noncrumbling_4,
          hell_entry, hangedman_abyss_or_decor_slice, grunt_decor_fettered,
          kennysheep_generic_room_3, uniq_asterion
Depths:2: minmay_inside_and_out, layout_basic, lemuel_round_altar,
          hangedman_coc_ice_floe, pan_entry,
          nicolae_abyss_entry_one_way_or_another, hex_medium, sword_in_stone
Depths:3: minmay_quantized_circle, layout_basic, hell_entry,
          rand_demon_pan_entry_4, abyss_entry, evilmike_ruin_ashenzari,
          infiniplex_staircase_squiggle, uniq_sojobo
Depths:4: hangedman_crystal_crosses_colossus [crystal_crosses_arms_four,
          crystal_crosses_arms_four, crystal_crosses_arms_two,
          crystal_crosses_arms_one], hell_entry, abyss_entry
Depths:5: grunt_crosshair, layout_cave_shapes,
          muffindrake_ghost_three_little_ghosts, chequers_serial_rivers_room_a,
          lightli_too_deep, serial_bayou_shore_b, minmay_shop_star
Hell
Dis:1:    layout_gridville
Dis:2:    layout_gridville, hangedman_dis_decor_blocks_talon, grunt_megastairs_2
Dis:3:    layout_gridville
Dis:4:    layout_regular_city
Dis:5:    layout_jigsaw, evilmike_ambush [evilmike_ambush_outer_pillars,
          evilmike_ambush_inner_cross]
Dis:6:    layout_overlapping_boxes
Dis:7:    dis_hangedman
Geh:1:    layout_gehenna_pools_box
Geh:2:    layout_gehenna_lava_caves
Geh:3:    layout_gehenna_pools_basic, hangedman_elemental_grid_stream
Geh:4:    layout_gehenna_lava_caves
Geh:5:    layout_gehenna_pools_basic
Geh:6:    layout_gehenna_pools_basic, hangedman_hellfire_club
Geh:7:    evilmike_geh
Coc:1:    layout_ice_bergs
Coc:2:    layout_ice_bergs
Coc:3:    layout_cocytus_water_paths
Coc:4:    layout_cocytus_water_paths
Coc:5:    layout_cocytus_water_paths
Coc:6:    layout_ice_bergs
Coc:7:    coc_grunt_cove [coc_grunt_cove_antaeus, coc_grunt_cove_fiend,
          coc_grunt_cove_fiend, coc_grunt_cove_fiend, coc_grunt_cove_fiend]
Tar:1:    layout_grid_maze, nicolae_tar_cuneiform_heaven
Tar:2:    layout_grid_maze
Tar:3:    layout_grid_maze
Tar:4:    layout_grid_maze
Tar:5:    layout_honeycomb, grunt_megastairs_3
Tar:6:    layout_grid_maze
Tar:7:    tar_minmay_river
Zot:1:    layout_concentric_octagons, grunt_ministairs_7,
          amethyst_zot_foddershock
Zot:2:    layout_concentric_octagons, ebering_ghost_reflecting_pool
Zot:3:    layout_onion, st_single_dragon_hoard_3
Zot:4:    nicolae_zot_stationary_front, layout_onion_interference
Zot:5:    layout_basic

Skill      XL: |  1  2  3  4  5  6  7  8  9 10 11 12 13 14 15 16 17 18 19 20 21 22 23 24 25 26 27 |
---------------+----------------------------------------------------------------------------------+-----
Long Blades    | 3 4 5 6 7 9 10 11 12 13 14 15 16 17 18 19 20 21 27 | 27.0
Fighting       | 4 5 6 7 9 10 11 12 13 14 15 16 17 18 19 20 21 27 | 27.0
Armour         | 5 6 8 9 10 11 12 13 14 15 16 17 18 19 27 | 27.0
Shields        | 5 6 8 9 10 11 12 13 14 15 16 17 18 19 27 | 27.0
Invocations    | 4 7 9 10 27 | 27.0
Throwing       | 2 5 7 8 9 10 26 | 26.4
Dodging        | 4 6 8 9 10 26 | 26.4

Action                   |  1- 3 |  4- 6 |  7- 9 | 10-12 | 13-15 | 16-18 | 19-21 | 22-24 | 25-27 || total
-------------------------+-------+-------+-------+-------+-------+-------+-------+-------+-------++-------
Melee: Long sword        |   100 |   189 |   306 |   268 |       |       |       |       |       ||   863
       Short sword       |       |       |    72 |   319 |       |       |    17 |       |       ||   408
       Demon blade       |       |       |       |   285 |   976 |  1228 |  1374 |  1447 |  4592 ||  9902
       Scimitar          |       |       |       |     8 |    37 |       |       |       |       ||    45
       Eudemon blade     |       |       |       |       |       |       |       |       |  6084 ||  6084
       Headbutt          |       |       |       |       |       |       |       |       |  1909 ||  1909
Throw: Boomerang         |       |       |     2 |       |       |     4 |   153 |       |     3 ||   162
       Javelin           |       |       |       |       |       |       |       |     5 |   100 ||   105
Invok: Heroism           |       |       |       |     2 |     4 |     9 |     8 |     6 |    21 ||    50
       Finesse           |       |       |       |       |       |     6 |     1 |       |    19 ||    26
       Cleansing Flame   |       |       |       |       |       |       |       |       |   114 ||   114
       Divine Shield     |       |       |       |       |       |       |       |       |    15 ||    15
 Abil: Blink             |       |       |       |       |       |       |       |       |     1 ||     1
Evoke: Wand              |       |       |       |       |     3 |       |     2 |     1 |     4 ||    10
  Use: Scroll            |     6 |     7 |     6 |     5 |    11 |     2 |    10 |     5 |    92 ||   144
       Potion            |       |       |     9 |     1 |     1 |     1 |     3 |     3 |    54 ||    72
 Stab: Distracted        |       |       |       |     1 |     1 |       |       |       |     1 ||     3
       Paralysed         |       |       |       |       |     1 |       |       |       |       ||     1
       Sleeping          |       |       |       |       |     2 |     4 |       |       |       ||     6
       Confused          |       |       |       |       |       |       |     1 |       |     2 ||     3
       Petrified         |       |       |       |       |       |       |       |       |     1 ||     1
  Eat: Chunk             |       |     9 |    16 |    27 |    35 |    16 |    26 |    31 |    48 ||   208
       Ration            |       |       |       |     2 |     1 |     6 |     2 |     1 |    49 ||    61
Armor: Scale mail        |    52 |    67 |    33 |    59 |   242 |   136 |       |       |       ||   589
       Chain mail        |       |       |   128 |   197 |       |       |       |       |       ||   325
       Plate armour      |       |       |       |       |       |   127 |   370 |   278 |       ||   775
       Gold dragon scale |       |       |       |       |       |       |       |       |  1980 ||  1980
Dodge: Dodged            |    28 |    82 |    63 |   181 |   202 |   147 |   187 |   254 |  2238 ||  3382
Block: Kite shield       |    71 |   115 |   150 |   485 |   738 |   437 |       |       |       ||  1996
       Reflection        |       |       |       |    10 |    27 |   141 |   145 |    67 |   305 ||   695
       Tower shield      |       |       |       |       |       |   646 |  1368 |  1206 | 11510 || 14730
       Rpst.: Long sword |     7 |    23 |    20 |    16 |       |       |       |       |       ||    66
       Demon blade       |       |       |       |    13 |    37 |    18 |    43 |    42 |   144 ||   297
       Scimitar          |       |       |       |       |     2 |       |       |       |       ||     2
       Eudemon blade     |       |       |       |       |       |       |       |       |   196 ||   196

Table legend:
 A = Non-vault XP
 B = Vault XP
 C = Vault XP percentage of total XP
 D = Non-vault monster count
 E = Vault monster count
 F = Vault count percentage of total count
                 A         B        C        D         E       F
            +---------+---------+-------+---------+---------+-------
      Total | 2136543 | 2118718 |  49.8 |    3381 |    1781 |  34.5
            +---------+---------+-------+---------+---------+-------
        D:1 |      56 |       0 |   0.0 |      23 |       0 |   0.0
        D:2 |     163 |      37 |  18.5 |      31 |       1 |   3.1
        D:3 |     157 |      34 |  17.8 |      22 |       6 |  21.4
        D:4 |     327 |      40 |  10.9 |       8 |       1 |  11.1
        D:5 |     696 |     124 |  15.1 |      19 |       1 |   5.0
        D:6 |     637 |     374 |  37.0 |      18 |       3 |  14.3
        D:7 |     358 |    1231 |  77.5 |      13 |       4 |  23.5
        D:8 |     844 |    4844 |  85.2 |      18 |      56 |  75.7
        D:9 |    2623 |       0 |   0.0 |      41 |       0 |   0.0
       D:10 |    2989 |       0 |   0.0 |      36 |       0 |   0.0
       D:11 |    3064 |    1901 |  38.3 |      23 |       5 |  17.9
       D:12 |    5137 |     818 |  13.7 |      35 |      28 |  44.4
       D:13 |    9583 |       0 |   0.0 |      41 |       0 |   0.0
       D:14 |    6475 |    4854 |  42.8 |      24 |      17 |  41.5
       D:15 |   18532 |    7296 |  28.2 |      39 |       9 |  18.8
     Lair:1 |    5306 |       0 |   0.0 |      25 |       0 |   0.0
     Lair:2 |    3464 |    1145 |  24.8 |      13 |       1 |   7.1
     Lair:3 |    2148 |    1695 |  44.1 |       9 |       5 |  35.7
     Lair:4 |    2950 |    1596 |  35.1 |      16 |       3 |  15.8
     Lair:5 |    4757 |   11395 |  70.5 |      19 |      17 |  47.2
     Lair:6 |    4780 |   11641 |  70.9 |      10 |      28 |  73.7
   Shoals:1 |   12742 |       0 |   0.0 |      25 |       0 |   0.0
   Shoals:2 |   13125 |       0 |   0.0 |      25 |       0 |   0.0
   Shoals:3 |   18449 |    6942 |  27.3 |      34 |      11 |  24.4
   Shoals:4 |   13830 |   18753 |  57.6 |      24 |      30 |  55.6
    Snake:1 |   14333 |    6556 |  31.4 |      27 |      10 |  27.0
    Snake:2 |   16878 |       0 |   0.0 |      33 |       0 |   0.0
    Snake:3 |   16608 |   10263 |  38.2 |      33 |      11 |  25.0
    Snake:4 |   23336 |   48124 |  67.3 |      43 |      64 |  59.8
    Slime:1 |    8818 |       0 |   0.0 |      16 |       0 |   0.0
    Slime:2 |    4735 |       0 |   0.0 |      11 |       0 |   0.0
    Slime:3 |   13412 |       0 |   0.0 |      26 |       0 |   0.0
    Slime:4 |   23696 |    2799 |  10.6 |      32 |       2 |   5.9
    Slime:5 |   16288 |   28256 |  63.4 |      24 |      10 |  29.4
      Orc:1 |     635 |    2941 |  82.2 |       6 |      15 |  71.4
      Orc:2 |    2738 |   17687 |  86.6 |      37 |      49 |  57.0
      Elf:1 |   12903 |    2861 |  18.1 |      25 |       6 |  19.4
      Elf:2 |   16304 |   20624 |  55.8 |      29 |      26 |  47.3
      Elf:3 |   12269 |   41984 |  77.4 |      21 |      28 |  57.1
   Vaults:1 |   23402 |   26798 |  53.4 |      56 |      38 |  40.4
   Vaults:2 |   28742 |   35553 |  55.3 |      46 |      50 |  52.1
   Vaults:3 |   33855 |   14973 |  30.7 |      60 |      25 |  29.4
   Vaults:4 |   26554 |  105420 |  79.9 |      30 |     109 |  78.4
   Vaults:5 |   33455 |   98135 |  74.6 |      53 |      59 |  52.7
    Crypt:1 |   40062 |   17498 |  30.4 |      54 |       6 |  10.0
    Crypt:2 |   29617 |   20657 |  41.1 |      42 |       8 |  16.0
    Crypt:3 |   31685 |   52295 |  62.3 |      37 |      26 |  41.3
     Tomb:1 |    8222 |  145296 |  94.6 |      23 |      68 |  74.7
     Tomb:2 |   27646 |   73461 |  72.7 |      39 |      66 |  62.9
   Depths:1 |   42467 |   14879 |  25.9 |      57 |      12 |  17.4
   Depths:2 |   41760 |   38878 |  48.2 |      60 |      20 |  25.0
   Depths:3 |   28001 |   32679 |  53.9 |      29 |      33 |  53.2
   Depths:4 |       0 |   77768 | 100.0 |       0 |      56 | 100.0
   Depths:5 |   56354 |   61746 |  52.3 |      51 |      34 |  40.0
       Hell |   31279 |   46613 |  59.8 |      35 |      60 |  63.2
      Dis:1 |    3132 |       0 |   0.0 |       7 |       0 |   0.0
      Dis:2 |   28764 |       0 |   0.0 |      44 |       0 |   0.0
      Dis:3 |   13777 |       0 |   0.0 |      24 |       0 |   0.0
      Dis:4 |   18032 |       0 |   0.0 |      33 |       0 |   0.0
      Dis:5 |   17674 |   14706 |  45.4 |      36 |      23 |  39.0
      Dis:6 |    7533 |       0 |   0.0 |       9 |       0 |   0.0
      Dis:7 |   44589 |  131945 |  74.7 |      37 |      99 |  72.8
      Geh:1 |    2131 |       0 |   0.0 |       9 |       0 |   0.0
      Geh:2 |    9361 |       0 |   0.0 |      16 |       0 |   0.0
      Geh:3 |   17826 |    9483 |  34.7 |      57 |      11 |  16.2
      Geh:4 |   21119 |       0 |   0.0 |      36 |       0 |   0.0
      Geh:5 |   12283 |       0 |   0.0 |      19 |       0 |   0.0
      Geh:6 |   31544 |       0 |   0.0 |      63 |       0 |   0.0
      Geh:7 |   21589 |   91640 |  80.9 |      43 |      47 |  52.2
      Coc:1 |    1724 |       0 |   0.0 |       4 |       0 |   0.0
      Coc:2 |    4827 |       0 |   0.0 |      11 |       0 |   0.0
      Coc:3 |   37078 |       0 |   0.0 |      50 |       0 |   0.0
      Coc:4 |   17256 |       0 |   0.0 |      21 |       0 |   0.0
      Coc:5 |   51807 |       0 |   0.0 |      85 |       0 |   0.0
      Coc:6 |   16571 |       0 |   0.0 |      22 |       0 |   0.0
      Coc:7 |   75008 |   82622 |  52.4 |      92 |      67 |  42.1
      Tar:1 |    1587 |       0 |   0.0 |      13 |       0 |   0.0
      Tar:3 |    9793 |       0 |   0.0 |      15 |       0 |   0.0
      Tar:4 |    1940 |       0 |   0.0 |       3 |       0 |   0.0
      Tar:5 |    7260 |       0 |   0.0 |      12 |       0 |   0.0
      Tar:6 |   10133 |       0 |   0.0 |       9 |       0 |   0.0
      Tar:7 |   61779 |   58453 |  48.6 |      53 |      40 |  43.0
      Zot:1 |   25559 |   22823 |  47.2 |      19 |      11 |  36.7
      Zot:2 |   37091 |    8408 |  18.5 |      21 |       1 |   4.5
      Zot:3 |   48197 |    4104 |   7.8 |      30 |       1 |   3.2
      Zot:4 |   46803 |   10254 |  18.0 |      28 |       8 |  22.2
      Zot:5 |   45415 |  195938 |  81.2 |      28 |      45 |  61.6
    Abyss:1 |  108709 |   22467 |  17.1 |     119 |       9 |   7.0
    Abyss:2 |   23514 |       0 |   0.0 |      49 |       0 |   0.0
    Abyss:3 |  172003 |   26196 |  13.2 |     330 |      42 |  11.3
    Abyss:4 |   17023 |    4349 |  20.3 |      27 |       5 |  15.6
        Pan |  266866 |  301996 |  53.1 |     281 |     203 |  41.9
      Sewer |       0 |     137 | 100.0 |       0 |      11 | 100.0
      IceCv |       0 |    9551 | 100.0 |       0 |      23 | 100.0
    Volcano |       0 |    4182 | 100.0 |       0 |      18 | 100.0
            +---------+---------+-------+---------+---------+-------
